 Dungeon Crawl Stone Soup version 0.31.0-10-gcf4a605ca0 (webtiles) character file.

Game seed: 8504060462993273395

11723531 dorian the Merry Frog (level 27, 249/249 HPs)
             Began as a Barachi Hunter on Jan 22, 2024.
             Was the Champion of Cheibriados.
             Escaped with the Orb
             ... and 15 runes on Jan 25, 2024!
             The game lasted 08:00:16 (142583 turns).

dorian the Merry Frog (Barachi Hunter)            Turns: 142583, Time: 08:00:17

Health: 249/249    AC: 42    Str: 40    XL:     27
Magic:  59/59      EV: 59    Int: 26    God:    Cheibriados [******]
Gold:   18076      SH: 41    Dex: 50    Spells: 7/80 levels left

rFire   + + +        o - +9 hand cannon (freeze)
rCold   + + .        A - +1 tower shield "Joohats" {rF+ rCorr Str+3}
rNeg    + + +        W - +4 pearl dragon scales
rPois   ∞            K - +0 hat of Ichaban {rElec Regen+ Slay+3}
rElec   +            D - +2 cloak {rCorr}
rCorr   +            B - +2 pair of gloves {Str+3}
SInv    .            y - +2 pair of boots "Beuryij" {Regen+ Stlth+}
Will    +++++        H - amulet of reflection
Stlth   +++          M - ring "Juker" {rF++ Will+++ Str+6 Int-2 Stlth-}
HPRegen 2.21/turn    u - ring "Acirev" {rC+ AC+4 Int+2}
MPRegen 0.36/turn

%: reflection
@: death-form, studying Axes, very slow
A: vile attack, torment immunity, no potions, amphibious, slowness 1, strong
legs 2, +LOS, agile 1, high MP 1, mutation resistance 1, no potion heal 1,
persistent drain
0: Orb of Zot
}: 15/15 runes: barnacled, slimy, silver, golden, iron, obsidian, icy, bone,
abyssal, demonic, glowing, magical, fiery, dark, gossamer
a: Hop, Siphon Essence, Begin Untransformation, Renounce Religion, Evoke Blink,
Bend Time, Temporal Distortion, Slouch, Step From Time


You escaped.
You worshipped Cheibriados.
Cheibriados was exalted by your worship.
You were an undying horror.
You visited 18 branches of the dungeon, and saw 88 of its levels.
You visited Pandemonium 6 times, and saw 36 of its levels.
You visited the Abyss 20 times.
You visited 1 ziggurat, and saw 7 of its levels.
You also visited: Trove, Gauntlet, Wizlab and Desolation.

You collected 20719 gold pieces.
You spent 2643 gold pieces at shops.

Inventory:

Hand Weapons
 f - a +9 hand cannon of flaming
 o - a +9 hand cannon of freezing (weapon)
Armour
 y - the +2 pair of boots "Beuryij" (worn) {Regen+ Stlth+}
   (You acquired it in Pandemonium)

   Regen+:    It increases your rate of health regeneration.
   Stlth+:    It makes you more stealthy.
 A - the +1 tower shield "Joohats" (worn) {rF+ rCorr Str+3}
   (You took it off a daeva in Pandemonium)

   Str+3:     It affects your strength (+3).
   rF+:       It protects you from fire.
   rCorr:     It protects you from acid and corrosion.
 B - a +2 pair of gloves of strength (worn)
 D - a +2 cloak of preservation (worn)
 K - the +0 hat of Ichaban (worn) {rElec Regen+ Slay+3}
   (You acquired it in Pandemonium)

   Slay+3:    It affects your accuracy & damage with ranged weapons and melee
   (+3).
   rElec:     It insulates you from electricity.
   Regen+:    It increases your rate of health regeneration.
 O - a +3 tower shield of cold resistance
 W - +4 pearl dragon scales (worn)
Jewellery
 c - the ring "Vitec" {rPois rC++ Int+3 Dex+2 SInv}
   (You found it on level 7 of Cocytus)

   [ring of see invisible]

   Int+3:     It affects your intelligence (+3).
   Dex+2:     It affects your dexterity (+2).
   rC++:      It greatly protects you from cold.
   rPois:     It protects you from poison SInv: It lets you see invisible.
 r - the ring "Tyweliergh" {rElec rN+ Will+ Int+6 Stlth+}
   (You found it on level 3 of the Tomb of the Ancients)

   [ring of intelligence]

   Int+6:     It affects your intelligence (+6).
   rElec:     It insulates you from electricity.
   rN+:       It protects you from negative energy.
   Will+:     It increases your willpower.
   Stlth+:    It makes you more stealthy.
 u - the ring "Acirev" (right hand) {rC+ AC+4 Int+2}
   (You found it in a treasure trove)

   [ring of protection]

   AC+4:      It affects your AC (+4).
   Int+2:     It affects your intelligence (+2).
   rC+:       It protects you from cold.
 x - the ring "Lump" {rElec rPois Will+ Str+2 Int-5}
   (You found it on level 7 of the Iron City of Dis)

   [ring of poison resistance]

   Str+2:     It affects your strength (+2).
   Int-5:     It affects your intelligence (-5).
   rElec:     It insulates you from electricity.
   rPois:     It protects you from poison Will+: It increases your willpower.
 C - the amulet of Optimism {Acrobat rC- Str+4 Stlth+}
   (You found it on level 3 of the Tomb of the Ancients)

   [amulet of the acrobat]

   Acrobat:   It increases your evasion while moving and waiting.
   Str+4:     It affects your strength (+4).
   rC-:       It makes you vulnerable to cold.
   Stlth+:    It makes you more stealthy.
 H - an amulet of reflection (around neck)
 M - the ring "Juker" (left hand) {rF++ Will+++ Str+6 Int-2 Stlth-}
   (You found it on level 7 of the Iron City of Dis)

   [ring of strength]

   Str+6:     It affects your strength (+6).
   Int-2:     It affects your intelligence (-2).
   rF++:      It greatly protects you from fire.
   Will+++:   It greatly increases your willpower.
   Stlth-:    It makes you less stealthy.
 U - the ring of Nuyqeu {+Blink rCorr Str-3 Dex+6 Slay+4}
   (You acquired it in Pandemonium)

   [ring of slaying]

   Str-3:     It affects your strength (-3).
   Dex+6:     It affects your dexterity (+6).
   Slay+4:    It affects your accuracy & damage with ranged weapons and melee
   (+4).
   +Blink:    It lets you blink.
   rCorr:     It protects you from acid and corrosion.
 Y - the ring of the Bursting Gods {Fly rN+++ Will++ Int-5 SInv}
   (You found it in a Gauntlet)

   [ring of see invisible]

   Int-5:     It affects your intelligence (-5).
   rN+++:     It renders you almost immune to negative energy.
   Will++:    It greatly increases your willpower.
   SInv:      It lets you see invisible.
   Fly:       It grants you flight.
Talismans
 e - the death talisman "Cosuegg" (active) {+Blink Dex+5}
   (You found it on level 1 of the Realm of Zot)

   [talisman of death]

   Dex+5:     It affects your dexterity (+5).
   +Blink:    It lets you blink.
Wands
 v - a wand of digging (40)
 E - a wand of mindburst (80)
 I - a wand of light (82)
 N - a wand of paralysis (5)
 X - a wand of iceblast (156)
Scrolls
 h - 4 scrolls of revelation
 i - 5 scrolls of silence
 k - 16 scrolls of fear
 m - 21 scrolls of fog
 s - 11 scrolls of immolation
 t - 27 scrolls of teleportation
 z - 2 scrolls of blinking
 J - 5 scrolls of summoning
Potions
 a - 13 potions of mutation
 b - 2 potions of attraction
 d - a potion of might
 n - 5 potions of resistance
 q - 46 potions of curing
 w - 14 potions of heal wounds
 S - 6 potions of magic
 Z - 13 potions of cancellation
Miscellaneous
 j - a box of beasts
 p - the horn of Geryon
 L - a lightning rod (4/4)
 P - a phantom mirror
 Q - a phial of floods
 R - a condenser vane
 T - a figurine of a ziggurat
 V - a sack of spiders


   Skills:
 O Level 27 Fighting
 - Level 15.8 Long Blades
 O Level 27 Ranged Weapons
 O Level 27 Armour
 O Level 27 Dodging
 + Level 23.5 Stealth
 O Level 27 Shields
 O Level 27 Spellcasting
 - Level 10.0 Hexes
 O Level 27 Summonings
 + Level 25.3 Necromancy
 O Level 27 Translocations
 - Level 11.2 Earth Magic
 - Level 10.6 Alchemy
 - Level 11.8 Invocations
 - Level 23.4 Evocations
 - Level 23.0 Shapeshifting


You had 7 spell levels left.
You knew the following spells:

 Your Spells              Type           Power      Damage    Failure   Level
a - Blink                 Tloc           100%       N/A       0%          2
b - Leda's Liquefaction   Alch/Erth      37%        N/A       1%          4
c - Passwall              Erth           75%        N/A       1%          3
d - Dimensional Bullseye  Hex/Tloc       46%        N/A       0%          4
e - Passage of Golubria   Tloc           100%       N/A       0%          4
f - Dispersal             Tloc           54%        N/A       0%          6
g - Apportation           Tloc           100%       N/A       0%          1
h - Gell's Gravitas       Tloc           100%       N/A       0%          3
i - Disjunction           Tloc           54%        N/A       1%          8
j - Fugue of the Fallen   Necr           100%       N/A       0%          3
k - Haunt                 Necr/Summ      53%        N/A       1%          7
l - Malign Gateway        Summ/Tloc      54%        N/A       0%          7
m - Summon Horrible Thin  Summ           54%        N/A       1%          8
n - Martyr's Knell        Necr/Summ      100%       N/A       0%          4
o - Dragon's Call         Summ           54%        N/A       1%          9

Your spell library contained the following spells:

 Spells                   Type           Power      Damage    Failure   Level
 Kiss of Death            Conj/Necr      100%       2d13      0%          1
 Necrotise                Necr           100%       1d9       0%          1
 Sandblast                Erth           100%       2d20      0%          1
 Summon Small Mammal      Summ           100%       N/A       0%          1
 Call Imp                 Summ           100%       N/A       0%          2
 Cigotuvi's Dreadful Rot  Necr/Alch/Air  100%       N/A       0%          2
 Lesser Beckoning         Tloc           100%       N/A       0%          2
 Momentum Strike          Conj/Tloc      100%       3d10      0%          2
 Sublimation of Blood     Necr           100%       N/A       0%          2
 Call Canine Familiar     Summ           100%       N/A       0%          3
 Summon Ice Beast         Ice/Summ       81%        N/A       0%          3
 Teleport Other           Tloc           100%       N/A       0%          3
 Vampiric Draining        Necr           100%       2d13      0%          3
 Volatile Blastmotes      Fire/Tloc      100%       2d18      0%          3
 Anguish                  Hex/Necr       45%        N/A       0%          4
 Animate Armour           Summ/Erth      100%       N/A       0%          4
 Animate Dead             Necr           100%       N/A       0%          4
 Dispel Undead            Necr           100%       3d31      0%          4
 Manifold Assault         Tloc           100%       N/A       0%          4
 Borgnjor's Vile Clutch   Necr/Erth      46%        N/A       0%          5
 Curse of Agony           Necr           100%       N/A       0%          5
 Summon Forest            Summ/Tloc      54%        N/A       0%          5
 Summon Mana Viper        Hex/Summ       92%        N/A       0%          5
 Death Channel            Necr           52%        N/A       0%          6
 Summon Cactus Giant      Summ           54%        N/A       0%          6
 Monstrous Menagerie      Summ           54%        N/A       0%          7
 Summon Hydra             Summ           54%        N/A       0%          7
 Freeze                   Ice            100%       1d10      1%          1
 Magic Dart               Conj           100%       1d8       1%          1
 Shock                    Conj/Air       100%       1d9       1%          1
 Slow                     Hex            100%       N/A       1%          1
 Sting                    Conj/Alch      100%       1d9       1%          1
 Ensorcelled Hibernation  Hex/Ice        100%       N/A       1%          2
 Jinxbite                 Hex            100%       N/A       1%          2
 Mercury Vapours          Alch/Air       100%       N/A       1%          2
 Scorch                   Fire           70%        2d7       1%          2
 Searing Ray              Conj           70%        2d7       1%          2
 Static Discharge         Conj/Air       70%        3-6/arc   1%          2
 Confusing Touch          Hex            72%        N/A       1%          3
 Dazzling Flash           Conj/Hex       100%       N/A       1%          3
 Inner Flame              Hex/Fire       57%        N/A       1%          3
 Mephitic Cloud           Conj/Alch/Air  52%        N/A       1%          3
 Sigil of Binding         Hex            72%        N/A       1%          3
 Stone Arrow              Conj/Erth      100%       3d13      1%          3
 Tukima's Dance           Hex            72%        N/A       1%          3
 Brom's Barrelling Bould  Conj/Erth      59%        2d7       1%          4
 Cause Fear               Hex            36%        N/A       1%          4
 Fulminant Prism          Conj/Alch      29%        3d14      1%          4
 Ignite Poison            Fire/Alch      58%        N/A       1%          4
 Iskenderun's Mystic Bla  Conj/Tloc      81%        2d16      1%          4
 Olgreb's Toxic Radiance  Alch           74%        N/A       1%          4
 Petrify                  Alch/Erth      75%        N/A       1%          4
 Sticky Flame             Fire/Alch      58%        2d10      1%          4
 Summon Blazeheart Golem  Fire/Summ      81%        N/A       1%          4
 Summon Lightning Spire   Summ/Air       81%        N/A       1%          4
 Vhi's Electric Charge    Tloc/Air       100%       N/A       1%          4
 Alistair's Intoxication  Alch           49%        N/A       1%          5
 Lee's Rapid Deconstruct  Erth           37%        3d19*     1%          5
 Yara's Violent Unravell  Hex/Alch       36%        3d15      1%          5
 Eringya's Noxious Bog    Alch           37%        4d6       1%          6
 Frozen Ramparts          Ice            70%        1d11      3%          3
 Hailstorm                Conj/Ice       35%        3d8       3%          3
 Ozocubu's Armour         Ice            35%        N/A       3%          3
 Swiftness                Air            35%        N/A       3%          3
 Irradiate                Conj/Alch      29%        3d21      3%          5
 Metabolic Englaciation   Hex/Ice        28%        N/A       3%          5
 Silence                  Hex/Air        28%        N/A       3%          5
 Spellforged Servitor     Conj/Summ      40%        N/A       3%          7
 Airstrike                Air            17%        2d(3-19)  11%         4
 Flame Wave               Conj/Fire      35%        2d10      11%         4
 Enfeeble                 Hex            36%        N/A       14%         7
 Bombard                  Conj/Erth      29%        9d5       16%         6
 Sculpt Simulacrum        Ice/Alch       29%        N/A       19%         6
 Arcjolt                  Conj/Air       17%        1d27      28%         5
 Fireball                 Conj/Fire      17%        3d9       28%         5
 Freezing Cloud           Conj/Ice/Air   17%        6-21      28%         5
 Iskenderun's Battlesphe  Conj           35%        2d9       28%         5
 Conjure Ball Lightning   Conj/Air       17%        3x3d6     85%         6
 Plasma Beam              Fire/Air       17%        2x1d29    85%         6
 Starburst                Conj/Fire      17%        6d6       85%         6
 Orb of Destruction       Conj           17%        9d7       100%        7
 Ozocubu's Refrigeration  Ice            17%        4d11      100%        7
 Borgnjor's Revivificati  Necr           52%        N/A       1%          8
 Infestation              Necr           52%        N/A       1%          8
 Death's Door             Necr           52%        N/A       3%          9
 Discord                  Hex            36%        N/A       75%         8
 Ignition                 Fire           17%        3d7       100%        8
 Lehudib's Crystal Spear  Conj/Erth      29%        10d8      100%        8
 Maxwell's Capacitive Co  Air            17%        ∞         100%        8
 Chain Lightning          Conj/Air       17%        3d23      100%        9
 Fire Storm               Conj/Fire      17%        8d5       100%        9
 Polar Vortex             Ice            17%        12d2*     100%        9
 Shatter                  Erth           37%        3d30*     100%        9


Dungeon Overview and Level Annotations

Branches:
Dungeon (15/15)            Temple (1/1) D:4            Lair (5/5) D:9
 Shoals (4/4) Lair:3       Spider (4/4) Lair:2        Slime (5/5) Lair:4
    Orc (2/2) D:12            Elf (3/3) Orc:2        Vaults (5/5) D:14
  Crypt (3/3) Vaults:3       Tomb (3/3) Crypt:3      Depths (4/4) D:15
   Hell (visited)             Dis (7/7) Hell            Geh (7/7) Hell
    Coc (7/7) Hell            Tar (7/7) Hell            Zot (5/5) Depths:4
 WizLab (visited)         Desolation (visited)      Gauntlet (visited)

Altars:
Ashenzari
Cheibriados
Dithmenos
Elyvilon
Fedhas
Gozag
Hepliaklqana
Kikubaaqudgha
Makhleb
Nemelex Xobeh
Okawaru
Qazlal
Ru
Sif Muna
Trog
Uskayaw
Vehumet
Wu Jian
Xom
Yredelemnul
Zin
The Shining One
Jiyva

Shops:
D:8 =   D:11 :   Orc:2 :(=?   Elf:2 !::=   Shoals:1 [   Shoals:3 =   Vaults:2 (
Depths:1 *

Portals:
Hell: Depths:1 Depths:2 Depths:3 Depths:4
Abyss: Depths:3 Depths:4
Pandemonium: Depths:2

Annotations:
Temple 4 transporters
Depths:4 2 runed translucent doors
Zot:4 4 transporters


Innate Abilities, Weirdness & Mutations

You are an undying horror.
Your melee and unarmed attacks drain, slow and weaken victims.
You are immune to unholy pain and torment.
You cannot drink.
You are immune to poison.
You are amphibious.
You cover ground slowly.
You can hop long distances.
You have an extended range of vision and can be seen from far away.
You are agile. (Dex +4, Str/Int -1)
You have an increased reservoir of magic. (+10% MP)
You are somewhat resistant to further mutation.
Potions are less effective at restoring your health.
Your health recovers twice as slowly from being drained.


Message History

The Tzitzimitl gestures at you.
You convulse!
You are too injured to fight recklessly!
Fire: o) +9 hand cannon (freeze)
Press: ? - help, Q - select action, (/) - cycle Shift-Dir - straight line, f/p - Tzitzimitl
Aim: a Tzitzimitl (severely wounded, 78% to hit)
You shoot a bolt. The bolt hits the Tzitzimitl!!
The bolt freezes the Tzitzimitl.
You kill the Tzitzimitl!
Cheibriados appreciates the change of pace.
Fire: o) +9 hand cannon (freeze)
Press: ? - help, Q - select action, (/) - cycle Shift-Dir - straight line, f - Brimstone Fiend
Aim: a Brimstone Fiend (90% to hit)
You shoot a bolt. The bolt hits the Brimstone Fiend!!!!
The bolt freezes the Brimstone Fiend!!
You kill the Brimstone Fiend!
Cheibriados appreciates the change of pace.
You are ready to hop once more.
Fire: o) +9 hand cannon (freeze)
Press: ? - help, Q - select action, (/) - cycle Shift-Dir - straight line, f - you
Okay, then.
There is a stone staircase leading up here.
You start resting.
A Tzitzimitl comes into view.
You climb upwards.
There is a stone staircase leading down, spattered with blood here.
What level of the Dungeon? (default 1, ? - help) HP restored.
There is a stone staircase leading up here.
You climb upwards.
There is a stone staircase leading down here.
You see here 2 stones.
There is a stone staircase leading up here.
You climb upwards.
There is a stone staircase leading down here.
There is a stone staircase leading down here.
Things that are here:
2 stones; a +0 whip; a kobold skeleton
There is a staircase leading out of the dungeon here.
You have escaped!

#..# ######........ ###..#
#######............. #....#
####.......##..........
#.##.###......................
####.#.......##....####..........
........##.###.....## #..........
.###.##.##..........# #..........
## #.##.##.#........###..........
####.##.##.##...z...............#
##...##....##.......)............
#).##...##.##...........(........
.†.#..####.###...................
#....#####.#####.................
............#.....#.###..........
#..............##.#.# ##........#
................#.#.# ##......##
..............#.#...# ########


There were no monsters in sight!

Vanquished Creatures
  Cerebov (Pan)
  Asmodeus (Geh:7)
  Mnoleg (Pan)
  the Royal Jelly (Slime:5)
  Gloorx Vloq (Pan)
  A seraph (Pan)
  Lom Lobon (Pan)
  Ignacio (Pan)
  Dispater (Dis:7)
  6 dread liches
  7 ancient liches
  8 orbs of fire
  Mennas (Depths:2)
  Mara (Spider:3)
  Xtahua (Vaults:3)
  8 juggernauts
  37 royal mummies
  Boris (4 times) (Depths:2 Vaults:4 Crypt:3 Tomb:3)
  28 pandemonium lords
  Bai Suzhen (Vaults:5)
  2 Killer Klowns (Zot:5)
  23 shard shrikes
  41 caustic shrikes
  Margery (Vaults:2)
  2 curse toes
  Geryon (Hell)
  9 golden dragons
  22 profane servitors
  39 bone dragons
  A Hellbinder (WizLab)
  3 doom hounds
  2 pearl dragons (Pan)
  12 iron giants
  36 Brimstone Fiends
  A spectral shard shrike (Tar:3)
  3 electric golems
  42 Tzitzimimeh
  44 Ice Fiends
  44 Hell Sentinels
  24 tentacled monstrosities
  17 hellephants
  A walking crystal tome (Abyss:4)
  19 liches
  A walking earthen tome (Abyss:5)
  Asterion (Depths:1)
  23 tainted leviathans
  2 deep elf master archers (Elf:3)
  A walking frostbound tome (Zig:2)
  3 deep elf blademasters
  11 titans
  22 Orb Guardians
  20 sphinxes
  29 searing wretches
  11 quicksilver dragons
  43 Executioners
  19 acid blobs
  Murray (Hell)
  62 tentacled starspawn
  46 ancient champions
  A kraken (Shoals:3)
  3 walking divine tomes
  Polyphemus (Shoals:2)
  An eldritch tentacle (Pan)
  7 death cobs
  Frances (Shoals:1)
  10 shadow dragons
  A thorn hunter (Abyss:4)
  15 storm dragons
  Aizul (Elf:2)
  10 tengu reavers
  47 demonspawn warmongers (Pan)
  23 azure jellies
  9 revenants
  21 narguns
  4 fenstrider witches
  15 frost giants
  5 draconian knights
  19 fire giants
  12 rockslimes
  9 draconian monks
  38 daevas
  6 deep elf sorcerers
  101 balrugs
  4 draconian scorchers
  3 imperial myrmidons (Desolation)
  8 protean progenitors
  3 caustic shrike zombies
  7 shard shrike simulacra
  5 curse skulls
  A deep elf elementalist (Elf:3)
  15 quicksilver elementals
  9 iron dragons
  3 emperor scorpions
  Louise (Elf:2)
  8 draconian shifters
  A juggernaut zombie (Abyss:2)
  25 vault wardens
  2 spectral caustic shrikes
  The ghost of Aviun the Unseen, an adept SpEn of Kikubaaqudgha (Spider:3)
  13 ghost moths
  25 ironbound preservers
  6 ghouls
  67 reapers
  56 angels
  45 very ugly things
  4 draconian stormcallers
  14 quicksilver oozes
  53 cacodemons
  4 broodmothers
  15 draconian annihilators
  25 ophanim
  45 demonspawn blood saints (Pan)
  An orc warlord (Vaults:2)
  24 demonspawn corrupters (Pan)
  5 ironbound thunderhulks
  10 caustic shrike skeletons
  Nessos (D:14)
  28 stone giants
  45 apis (Pan)
  12 vampire knights
  5 formless jellyfish
  11 black draconians
  9 purple draconians
  7 juggernaut skeletons
  29 elemental wellsprings
  12 yellow draconians
  17 bennus
  A spectral titan (Tar:2)
  22 putrid mouths
  46 war gargoyles
  6 deep elf annihilators
  34 demonspawn black suns (Pan)
  A starflower (Abyss:5)
  5 deep elf death magi
  57 lorocyprocas
  A halazid warlock (Desolation)
  10 green draconians
  10 red draconians
  9 deep elf demonologists
  A minotaur (Gauntlet)
  A bunyip (Zig:6)
  18 wendigos
  278 starcursed masses
  15 spark wasps
  14 dire elephants
  60 blizzard demons
  An acid blob zombie (Crypt:3)
  3 merfolk javelineers
  20 mummy priests
  22 ettins
  12 eidola
  12 white draconians
  16 fire dragons
  33 green deaths
  10 crystal guardians
  3 spectral krakens (Tar:7)
  2 quicksilver dragon zombies
  5 spectral spriggans
  32 iron golems
  A shambling mangrove (Zig:6)
  A spectral quicksilver dragon (Tar:7)
  6 jiangshi
  5 deep elf high priests
  18 yaktaur captains
  5 ragged hierophants (Desolation)
  14 great orbs of eyes
  A spectral golden dragon (Tar:5)
  10 merfolk impalers
  A kraken zombie (Hell)
  29 vault guards
  11 entropy weavers
  An ogre mage (Vaults:4)
  3 sphinx zombies
  18 rakshasas
  17 hell beasts
  4 jorogumos
  2 spriggan air magi
  6 hydras
  A juggernaut simulacrum (Coc:7)
  8 servants of whispers (Desolation)
  2 catoblepae
  2 death knights
  6 radroaches
  The ghost of Skimidon the Fighter, a journeyman DsGl of Hepliaklqana (D:10)
  5 ironbound frosthearts
  18 ice dragons
  10 centaur warriors
  11 caustic shrike simulacra
  3 merfolk avatars
  11 peacekeepers
  19 salamander tyrants
  A satyr (Abyss:4)
  20 dancing weapons
  2 fenstrider witch skeletons
  An alligator snapping turtle (Shoals:4)
  10 stokers
  16 deep troll shamans
  8 tengu warriors
  5 two-headed ogres
  A nameless horror (Tomb:1)
  8 boulder beetles
  A sphinx skeleton (Vaults:3)
  35 death scarabs
  9 merfolk aquamancers
  134 demonic crawlers
  3 naga warriors (Abyss:5)
  13 death yaks
  96 thrashing horrors
  An orc high priest (Elf:2)
  42 hell hogs
  2 spectral dire elephants
  11 deep troll earth magi
  A shock serpent (shapeshifter) (Depths:2)
  A titan zombie (Tomb:2)
  9 vampire magi
  5 occultists
  21 hell knights
  16 crystal echidnas
  2 spriggan berserkers (Depths:4)
  A spectral naga (Tar:3)
  246 sun demons
  3 hellephant skeletons (Pan)
  154 soul eaters
  15 deep elf knights
  2 spectral bunyips (Tar:1)
  A fire crab (Lair:2)
  5 titan skeletons (Crypt:3)
  18 iron trolls
  5 skysharks
  6 shadow wraiths
  A salamander mystic (Depths:2)
  2 death drakes (Abyss:5)
  56 wretched stars
  24 cherubim (Pan)
  A bunyip zombie (Hell)
  75 sixfirhies
  10 pharaoh ants
  32 skeletal warriors
  6 quicksilver dragon simulacra
  A spectral anaconda (Lair:5)
  9 spatial maelstroms
  A death drake (shapeshifter) (Abyss:4)
  A mana viper (Abyss:5)
  75 shadow demons
  A spectral hydra (Gauntlet)
  9 arcanists
  50 deep trolls
  11 sea snakes
  A swamp dragon (Abyss:4)
  13 orb spiders
  3 bunyip skeletons (Crypt:3)
  10 steelbarb worms
  An orange crystal statue (Zig:6)
  11 flayed ghosts
  A swamp dragon (shapeshifter) (Depths:3)
  A deep troll (shapeshifter) (Abyss:4)
  A glowing orange brain (shapeshifter) (Depths:4)
  3 bog bodies
  15 sun moths
  8 deep elf archers
  16 glowing orange brains
  35 ironbound convokers
  22 phantasmal warriors
  2 shadow dragon zombies
  7 spriggan simulacra
  8 lindwurms (Vaults:3)
  3 golden dragon skeletons
  A kraken simulacrum (Coc:7)
  7 orc knights
  A tengu zombie (Depths:3)
  An alligator zombie (Hell)
  3 obsidian statues
  26 deep elf zephyrmancers
  3 anaconda skeletons (Crypt:3)
  A steelbarb worm (shapeshifter) (Vaults:4)
  39 deep elf pyromancers
  16 necromancers
  A shadow dragon skeleton (Depths:2)
  21 harpies
  A spectral boulder beetle (Gauntlet)
  35 wolf spiders
  16 fauns
  2 tengu skeletons
  Maurice (D:7)
  An iron dragon zombie (Depths:2)
  5 shining eyes
  A spectral ettin (Tar:3)
  2 orc sorcerers
  15 worldbinders
  63 ugly things
  5 will-o-the-wisps (Abyss:5)
  283 large abominations
  6 cyclopes
  2 dire elephant zombies
  3 draconians (Abyss:5)
  17 manticores
  5 kobold blastminers (Orc:2)
  13 elephants
  8 salamanders
  23 moths of wrath
  13 apocalypse crabs
  8 black mambas
  A meliai (shapeshifter) (Abyss:5)
  10 meliai
  3 stone giant skeletons
  A toenail golem (Abyss:5)
  12 rust devils
  9 merfolk sirens
  6 guardian serpents
  11 eyes of devastation
  9 spectral swamp worms (Tar:7)
  A centaur skeleton (Crypt:3)
  8 molten gargoyles (Geh:7)
  23 vault sentinels
  203 smoke demons
  3 frost giant skeletons
  A fire giant skeleton (Vaults:3)
  An alligator snapping turtle zombie (Tomb:3)
  A torpor snail (shapeshifter) (Vaults:5)
  3 gargoyles
  4 titan simulacra
  11 torpor snails
  7 ice statues
  7 water nymphs
  3 dire elephant skeletons
  2 unseen horrors
  4 rime drakes
  8 cane toads
  11 freezing wraiths
  83 hellions
  17 efreet
  A steelbarb worm zombie (Crypt:1)
  56 orange demons
  A kobold demonologist (D:13)
  A rime drake (shapeshifter) (Abyss:2)
  14 komodo dragons
  2 bunyip simulacra
  2 sea snake zombies (Hell)
  4 tengu conjurers
  29 yaktaurs
  5 anaconda simulacra
  5 spectral harpies
  2 golden dragon simulacra
  53 ancient zymes
  2 alligator snapping turtle skeletons
  18 red devils
  A white draconian skeleton (Crypt:3)
  An iron troll zombie (Crypt:2)
  7 ice devils (Pan)
  A green draconian skeleton (Crypt:2)
  47 guardian mummies
  7 spriggan skeletons
  A queen bee (shapeshifter) (Abyss:5)
  75 tormentors
  6 trolls
  A troll (shapeshifter) (D:14)
  2 hornets
  A sea snake skeleton (Hell)
  4 wind drakes
  A polar bear (shapeshifter) (Abyss:4)
  4 tyrant leeches
  32 merfolk
  A yaktaur skeleton (Vaults:3)
  3 silent spectres
  A black draconian skeleton (Crypt:3)
  3 polar bears
  3 queen bees
  2 hydra zombies (Hell)
  A tengu simulacrum (Depths:3)
  30 tarantellas
  123 raiju
  A glass eye (shapeshifter) (Depths:2)
  58 hellwings
  A harpy skeleton (Crypt:3)
  6 spriggan zombies
  A dream sheep (shapeshifter) (Vaults:5)
  3 ettin zombies
  A meliai zombie (Crypt:1)
  17 snapping turtles
  9 dream sheep
  A raiju (shapeshifter) (Abyss:4)
  Prince Ribbit (D:6)
  28 jumping spiders
  64 saltlings (Desolation)
  4 glass eyes
  157 slime creatures
  A satyr zombie (Crypt:1)
  A spectral dream sheep (Gauntlet)
  37 blink frogs
  27 culicivoras
  A spectral black mamba (Tar:2)
  5 air elementals
  2 centaur simulacra
  A spriggan (Zig:6)
  30 ushabtiu
  An ice dragon skeleton (Abyss:1)
  4 wyverns
  5 dire elephant simulacra
  15 water elementals
  11 wraiths
  9 fire bats
  177 ynoxinuls
  An ettin skeleton (Tomb:2)
  4 vampires
  Grum (D:11)
  A human (D:12)
  A black mamba skeleton (Crypt:3)
  89 yaks
  11 basilisks
  A fire elemental (Elf:3)
  22 golden eyes
  54 redbacks
  A wind drake skeleton (Crypt:1)
  A tyrant leech zombie (Crypt:1)
  136 chaos spawn
  130 neqoxecs
  4 vampire mosquitoes
  A warg (Orc:1)
  A death yak simulacrum (Lair:5)
  31 spatial vortices
  Edmund (D:6)
  10 harpy simulacra
  A spectral cane toad (Lair:5)
  2 elf skeletons
  72 small abominations
  2 acid dragons
  3 swamp worms (Gauntlet)
  2 hydra simulacra (Coc:7)
  2 nagas (Abyss:5)
  27 hell hounds
  A glowing shapeshifter zombie (Depths:1)
  2 merfolk skeletons
  3 glowing shapeshifter skeletons
  2 naga skeletons
  26 water moccasins
  5 ice beasts
  44 orc warriors
  A swamp drake (D:10)
  An ice beast (shapeshifter) (Abyss:5)
  2 hornet zombies (D:7)
  5 black bears
  A cane toad skeleton (Crypt:3)
  A sky beast (D:7)
  92 laughing skulls
  7 ogres
  3 ettin simulacra
  14 wolves
  24 centaurs
  A phantom (D:5)
  An elephant skeleton (Lair:5)
  A swamp dragon skeleton (Hell)
  2 kobold brigands (D:8)
  18 weeping skulls
  21 bullfrogs
  3 brain worms (Abyss:5)
  8 necrophages
  3 naga simulacra
  10 earth elementals
  3 human skeletons (Vaults:3)
  2 gnoll sergeants
  3 scorpions
  A water moccasin zombie (D:7)
  A wyvern zombie (Crypt:3)
  A cane toad simulacrum (Lair:5)
  A wyvern skeleton (Crypt:3)
  A burial acolyte (D:7)
  16 wights
  An elephant simulacrum (Lair:5)
  25 killer bees
  A raiju skeleton (Crypt:3)
  3 jellies
  6 electric eels
  5 crimson imps
  A bullfrog zombie (D:7)
  4 howler monkeys
  4 centaur zombies
  2 quasits
  24 orc priests
  2 bombardier beetles
  5 gnoll boudas
  A human zombie (D:7)
  Crazy Yiuf (D:4)
  7 hounds
  A sleepcap (D:4)
  4 iron imps
  2 iguanas (D:6)
  25 orc wizards
  Terence (D:2)
  2 killer bee zombies (D:7)
  A hound zombie (D:7)
  37 mummies
  A howler monkey zombie (D:7)
  8 adders
  26 gnolls
  A steam dragon zombie (Crypt:2)
  5 shadow imps
  A swamp drake skeleton (Crypt:2)
  7 white imps
  7 ufetubi
  3 adder zombies
  3 ribbon worms
  A dart slug (D:5)
  105 orcs
  8 endoplasms
  4 giant cockroaches
  A gnoll zombie (D:7)
  4 goblins
  9 hobgoblins
  13 kobolds
  2 quokkas
  3 ball pythons
  A ball python skeleton (Crypt:1)
  5 bats
  3 frilled lizards (D:1)
  3 kobold zombies (D:7)
  4 rats
  An aspiring flesh (Zot:1)
  4 ball lightnings (Pan)
  9 creeping infernos
  41 fire vortices
  12 lurking horrors
  50 starspawn tentacles
  10 tentacles
8111 creatures vanquished.

Vanquished Creatures (collateral kills)
  Antaeus (Coc:7)
  Ereshkigal (Tar:7)
  2 ancient liches
  A pandemonium lord (Pan)
  3 royal mummies
  Parghit (Zot:3)
  A profane servitor (Tar:7)
  A doom hound (Tar:7)
  A Tzitzimitl (Tar:7)
  5 Ice Fiends
  3 Hell Sentinels (Pan)
  2 Orb Guardians (Zot:5)
  A lich (Tomb:1)
  A titan (Coc:3)
  An Executioner (Zot:2)
  An ancient champion (Tomb:2)
  A shadow dragon (Zot:5)
  An azure jelly (Coc:4)
  2 narguns
  A ghost moth (Zot:5)
  2 draconian scorchers (Zot:5)
  A shard shrike simulacrum (Coc:3)
  A reaper (Pan)
  A draconian stormcaller (Zot:5)
  A draconian annihilator (Zot:5)
  An elemental wellspring (Coc:5)
  4 green draconians
  2 black draconians
  A wendigo (Coc:3)
  2 white draconians (Zot:5)
  A lorocyproca (Pan)
  2 purple draconians (Zot:3)
  A yellow draconian (Zot:5)
  2 mummy priests
  A spriggan zombie (Tomb:2)
  A hell hog (Geh:2)
  5 death scarabs (Tomb:2)
  6 soul eaters (Pan)
  A storm dragon zombie (Tomb:2)
  3 sun demons (Pan)
  A skeletal warrior (Tomb:2)
  A sun moth (Spider:4)
  A quicksilver dragon simulacrum (Coc:4)
  2 shadow demons (Pan)
  A wolf spider (Spider:4)
  A torpor snail (Spider:4)
  4 tormentors
  An anaconda simulacrum (Coc:3)
  3 guardian mummies (Tomb:2)
  A harpy skeleton (Tomb:2)
  2 tarantellas (Spider:4)
  2 culicivoras (Spider:4)
  A dire elephant simulacrum (Coc:4)
  2 redbacks (Spider:4)
  6 neqoxecs (Pan)
  A harpy simulacrum (Coc:3)
  A hydra simulacrum (Coc:4)
  A quasit (Zot:2)
  A white imp (Zot:2)
  3 orcs (D:8)
  2 kobolds (D:8)
108 creatures vanquished.

Vanquished Creatures (others)
  A dread lich (Coc:7)
  An Executioner (Pan)
  12 eldritch tentacles
  A draconian knight (Zot:2)
  An azure jelly (Coc:4)
  A balrug (Geh:1)
  A nargun (Coc:7)
  A shard shrike simulacrum (Coc:6)
  3 demonspawn blood saints (Pan)
  A broodmother (Spider:4)
  An elemental wellspring (Coc:6)
  A bennu (Tomb:3)
  4 lorocyprocas
  2 juggernaut simulacra (Coc:7)
  A stoker (Geh:4)
  A hell hog (Geh:3)
  A dancing weapon (Elf:3)
  2 soul eaters (Pan)
  2 quicksilver dragon simulacra (Coc:6)
  A moth of wrath (Zot:3)
  2 smoke demons
  2 large abominations (Abyss:5)
  An unseen horror (D:13)
  A golden dragon simulacrum (Coc:6)
  A tormentor (Pan)
  A hellwing (WizLab)
  A saltling (Desolation)
  A naga simulacrum (Coc:7)
  A ynoxinul (Pan)
  A dire elephant simulacrum (Coc:7)
  A golden eye (Abyss:5)
  A naga (Abyss:5)
  A chaos spawn (Pan)
  2 harpy simulacra
  A small abomination (Abyss:5)
  3 laughing skulls (Abyss:5)
  An ogre (Elf:2)
  A starcursed mass (Abyss:5)
  2 orcs (D:10)
  20 ball lightnings (Pan)
  3 creeping infernos
  14 foxfires
  2 lurking horrors (Abyss:5)
  100 starspawn tentacles
  15 tentacles
218 creatures vanquished.

Grand Total: 8437 creatures vanquished

Notes
Turn   | Place    | Note
-------+----------+-------------------------------------------
     0 | D:1      | dorian the Barachi Hunter began the quest for the Orb.
     0 | D:1      | Reached XP level 1. HP: 17/17 MP: 1/1
    69 | D:1      | Reached XP level 2. HP: 23/23 MP: 2/2
   237 | D:1      | Reached XP level 3. HP: 28/28 MP: 3/3
   567 | D:2      | Noticed Terence
   573 | D:2      | Killed Terence
   574 | D:2      | Reached XP level 4. HP: 25/35 MP: 4/4
   926 | D:2      | Reached skill level 5 in Ranged Weapons
  1030 | D:2      | Reached skill level 1 in Armour
  1128 | D:3      | Reached XP level 5. HP: 42/42 MP: 5/5
  1251 | D:3      | Found an ornate altar of the Wu Jian Council.
  1613 | D:3      | Identified the ring of Ucil {Wiz ^Drain +Blink Dex+2 SInv}
  2021 | D:4      | Found a staircase to the Ecumenical Temple.
  2030 | Temple   | Found a transporter.
  2030 | Temple   | Found a transporter.
  2030 | Temple   | Found a transporter.
  2030 | Temple   | Found a transporter.
  2030 | Temple   | Entered the Ecumenical Temple
  2069 | D:4      | Identified the +10 mace of the Demagogue {heavy, Stlth+}
  2168 | D:4      | Noticed an orc warrior
  2294 | D:4      | Reached XP level 6. HP: 48/48 MP: 6/6
  2347 | D:4      | Identified the +0 robe of the Sun {SInv}
  2687 | D:4      | Found a runed translucent door.
  2688 | D:4      | Noticed Crazy Yiuf
  2697 | D:4      | Killed Crazy Yiuf
  2793 | D:5      | Entered Level 5 of the Dungeon
  3083 | D:5      | Noticed a water moccasin
  3088 | D:5      | Killed a water moccasin
  3089 | D:5      | Reached XP level 7. HP: 55/55 MP: 7/7
  3233 | D:5      | Found a snail-covered altar of Cheibriados.
  3243 | D:5      | Became a worshipper of Cheibriados the Contemplative
  3268 | D:5      | Reached skill level 5 in Fighting
  3795 | D:5      | Reached XP level 8. HP: 56/64 MP: 8/8
  4125 | D:6      | Reached * piety under Cheibriados
  4164 | D:6      | Noticed Edmund
  4179 | D:6      | Killed Edmund
  4180 | D:6      | Reached skill level 5 in Armour
  4567 | D:6      | Found a hide-covered altar of Uskayaw.
  4639 | D:6      | Reached ** piety under Cheibriados
  4869 | D:6      | Reached XP level 9. HP: 59/72 MP: 9/9
  5136 | D:6      | Noticed Prince Ribbit
  5143 | D:6      | Killed Prince Ribbit
  5200 | D:6      | Found a white marble altar of Elyvilon.
  5351 | D:7      | Identified the +0 arbalest of the Mashing Ancients {heavy,
                  | Str+4 Dex+4}
  5404 | D:7      | Noticed Maurice
  5461 | D:7      | Found an ancient bone altar of Kikubaaqudgha.
  5702 | D:7      | Reached *** piety under Cheibriados
  5917 | D:7      | Reached skill level 10 in Ranged Weapons
  5980 | D:7      | Found a basalt altar of Yredelemnul.
  6224 | D:7      | Reached skill level 5 in Dodging
  6315 | D:7      | Killed Maurice
  6316 | D:7      | Reached XP level 10. HP: 79/79 MP: 10/10
  6614 | D:8      | Reached **** piety under Cheibriados
  6621 | D:8      | Found a sacrificial altar of Ru.
  6721 | D:8      | Reached skill level 1 in Evocations
  6752 | D:8      | Noticed a two-headed ogre
  6761 | D:8      | Killed a two-headed ogre
  6978 | D:8      | Found a hazy altar of Hepliaklqana.
  6989 | D:8      | Found Tukyol's Jewellery Boutique.
  6994 | D:8      | Reached ***** piety under Cheibriados
  7318 | D:9      | Noticed a two-headed ogre
  7380 | D:8      | Reached XP level 11. HP: 83/84 MP: 11/11
  7470 | D:9      | Killed a two-headed ogre
  7471 | D:9      | Reached skill level 5 in Evocations
  7489 | D:9      | Found a staircase to the Lair.
  7607 | D:9      | Found an iron altar of Okawaru.
  7656 | D:9      | Found a blossoming altar of Fedhas.
  7694 | D:9      | Noticed a two-headed ogre
  7697 | D:9      | Killed a two-headed ogre
  8279 | D:10     | Entered Level 10 of the Dungeon
  8330 | D:10     | Noticed a cyclops
  8475 | D:10     | Reached ****** piety under Cheibriados
  8505 | D:10     | Found a stormy altar of Qazlal.
  8593 | D:10     | Found a transporter.
  8599 | D:10     | Found a transporter.
  8610 | D:10     | Noticed Skimidon's ghost (journeyman DsGl)
  8716 | D:10     | Found an opulent altar of Gozag.
  8727 | D:10     | Killed a cyclops
  8730 | D:10     | Found a glowing silver altar of Zin.
  8771 | D:10     | Noticed a deep elf zephyrmancer
  8783 | D:10     | Killed a deep elf zephyrmancer
  8784 | D:10     | Reached XP level 12. HP: 85/91 MP: 12/12
  8824 | D:10     | Identified the +0 hat "Bim Vou" {Rampage rPois Will+}
  9247 | D:11     | Noticed a boulder beetle
  9251 | D:11     | Noticed a boulder beetle
  9255 | D:11     | Killed a boulder beetle
  9263 | D:11     | Killed a boulder beetle
  9779 | D:11     | Noticed Grum
  9781 | D:11     | Killed Grum
  9782 | D:11     | Noticed a two-headed ogre
  9793 | D:11     | Killed a two-headed ogre
  9794 | D:11     | Reached skill level 10 in Dodging
  9887 | D:11     | Found Junucio's Book Boutique.
  9908 | D:11     | Reached skill level 15 in Ranged Weapons
 10449 | D:12     | Noticed a two-headed ogre
 10462 | D:12     | Killed a two-headed ogre
 10573 | D:12     | Noticed a boulder beetle
 10579 | D:12     | Killed a boulder beetle
 10580 | D:12     | Gained mutation: You can hop long distances. [Barachi
                  | growth]
 10580 | D:12     | Reached XP level 13. HP: 96/96 MP: 13/13
 10717 | D:12     | Found a staircase to the Orcish Mines.
 11805 | Lair:1   | Entered Level 1 of the Lair of Beasts
 12187 | Lair:1   | Identified the ring "Ahyxyd" {rPois rN+ rCorr Str-3}
 12196 | Lair:1   | Learned a level 2 spell: Blink
 13022 | Lair:2   | Reached XP level 14. HP: 103/103 MP: 14/14
 13060 | Lair:2   | Identified the orb of Burrug {guile, rElec}
 14221 | Lair:2   | Identified the +7 dagger of Dim Light {protect, rF+ Dex+9}
 14268 | Lair:2   | Found a hole to the Spider Nest.
 14834 | Lair:2   | Identified the +0 robe of Tialium {rC+ rCorr}
 15485 | Lair:3   | Reached skill level 10 in Armour
 15778 | Lair:3   | Found a staircase to the Shoals.
 16133 | Lair:4   | Found a viscous altar of Jiyva.
 16133 | Lair:4   | Found a staircase to the Slime Pits.
 16634 | Lair:4   | Identified the +5 whip "Quikk" {speed, MP+9 Str+4}
 16717 | Lair:4   | Reached XP level 15. HP: 108/108 MP: 15/15
 17143 | Lair:5   | Entered Level 5 of the Lair of Beasts
 17150 | Lair:5   | Reached skill level 15 in Dodging
 17630 | Lair:5   | Learned a level 4 spell: Leda's Liquefaction
 19128 | Lair:5   | Found the +4 Cigotuvi's embrace {Corpsefed rMiasma ^Drain
                  | rN+}
 19644 | Orc:1    | Entered Level 1 of the Orcish Mines
 20408 | Orc:2    | Entered Level 2 of the Orcish Mines
 20452 | Orc:2    | Reached skill level 1 in Invocations
 20735 | Orc:2    | Found Opnipus's Weapon Shop.
 20735 | Orc:2    | Found Zonumom's Jewellery Shoppe.
 20735 | Orc:2    | Found Guywel's Magic Scroll Emporium.
 20743 | Orc:2    | Reached skill level 10 in Fighting
 20783 | Orc:2    | Found a staircase to the Elven Halls.
 20872 | Orc:2    | Found Tipnikil's Book Boutique.
 20879 | Orc:2    | Bought a scroll of teleportation for 45 gold pieces
 20879 | Orc:2    | Bought a scroll of teleportation for 45 gold pieces
 21814 | D:13     | Reached XP level 16. HP: 123/123 MP: 18/18
 22330 | D:14     | Noticed Nessos
 22340 | D:14     | Killed Nessos
 22464 | D:14     | Reached skill level 1 in Shields
 23150 | D:14     | Found a gate to the Vaults.
 23227 | D:14     | Found a portal to a secret trove of treasure.
 23310 | D:15     | Entered Level 15 of the Dungeon
 23379 | D:15     | Reached skill level 5 in Invocations
 23526 | D:15     | Found a gate leading to a gauntlet.
 23533 | Gauntlet | Entered a Gauntlet
 23533 | Gauntlet | Found a transporter.
 23533 | Gauntlet | Found a transporter.
 23533 | Gauntlet | Found a transporter.
 23534 | Gauntlet | Found a transporter.
 23536 | Gauntlet | Found a transporter.
 23536 | Gauntlet | Found a transporter.
 23547 | Gauntlet | Found a transporter.
 23549 | Gauntlet | Found a transporter.
 23550 | Gauntlet | Found a transporter.
 23550 | Gauntlet | Found a transporter.
 23560 | Gauntlet | Found a transporter.
 23566 | Gauntlet | Found a transporter.
 24019 | Gauntlet | Identified the ring of the Bursting Gods {Fly rN+++ Will++
                  | Int-5 SInv}
 24153 | Gauntlet | Identified the +4 helmet of Vyetwohe {Int+4}
 24271 | Gauntlet | Identified the ring "Fegef" {^Drain rF++ AC+4 Str+3}
 24392 | D:15     | Found a staircase to the Depths.
 24723 | D:15     | Found an opulent altar of Gozag.
 25474 | Shoals:1 | Entered Level 1 of the Shoals
 25536 | Shoals:1 | Reached skill level 5 in Shields
 25785 | Shoals:1 | Noticed Frances
 25791 | Shoals:1 | Killed Frances
 25944 | Shoals:1 | Identified the +5 falchion of Subjectivity {flame, rPois
                  | rF- rN+}
 26158 | Shoals:1 | Reached XP level 17. HP: 132/132 MP: 22/22
 26158 | Shoals:1 | Found Kekhlixu's Antique Armour Shop.
 26175 | Shoals:1 | Bought a shimmering plate armour for 896 gold pieces
 26175 | Shoals:1 | Identified the +3 plate armour of Feasting {Dex+5} (You
                  | bought it in a shop on level 1 of the Shoals)
 26175 | Shoals:1 | Bought a dazzling cloak for 304 gold pieces
 26175 | Shoals:1 | Identified the +0 cloak of the Poles {Str+2} (You bought it
                  | in a shop on level 1 of the Shoals)
 27327 | Shoals:3 | Reached skill level 1 in Translocations
 27606 | Shoals:3 | Noticed Polyphemus
 27615 | Shoals:2 | Killed Polyphemus
 27936 | Shoals:3 | Found Bomala's Jewellery Shop.
 28115 | Shoals:3 | Noticed a kraken
 28139 | Shoals:3 | Killed a kraken
 28260 | Shoals:3 | Noticed a tentacled monstrosity
 28269 | Shoals:3 | Killed a tentacled monstrosity
 28320 | Shoals:3 | Got Rarehido's Elucidation of Mad Ravings
 28322 | Shoals:3 | Identified the ring "Ecwynum" {Fire +Blink Str+2 SInv
                  | Stlth+}
 28842 | Shoals:4 | Entered Level 4 of the Shoals
 29456 | Shoals:4 | Got a barnacled rune of Zot
 29793 | Shoals:4 | Reached XP level 18. HP: 46/141 MP: 24/24
 30647 | Shoals:4 | Got Sif Muna's Quarto of Breath
 30707 | Shoals:4 | Identified the +3 plate armour "Xaegaoth" {rPois Str+3}
 31000 | Spider:1 | Entered Level 1 of the Spider Nest
 31400 | Spider:1 | Reached skill level 5 in Translocations
 31483 | Spider:1 | Reached skill level 10 in Shields
 33253 | Spider:2 | Reached skill level 10 in Invocations
 34065 | Spider:2 | Reached XP level 19. HP: 95/150 MP: 19/26
 34599 | Spider:3 | Noticed Mara
 34610 | Spider:3 | Noticed dorian's illusion
 34614 | Spider:3 | Killed Mara
 34671 | Spider:3 | Identified the +6 short sword of Zoemiex {spect, rElec}
 34821 | Spider:3 | Found a runed translucent gate.
 34822 | Spider:3 | Found a runed translucent gate.
 34823 | Spider:3 | Found a runed translucent gate.
 34824 | Spider:3 | Noticed Aviun's ghost (adept SpEn)
 34914 | Spider:3 | Killed Aviun's ghost
 35027 | Spider:3 | Identified the +1 helmet of the Lair of Beasts {Regen+
                  | Dex+2}
 35085 | Spider:4 | Entered Level 4 of the Spider Nest
 36558 | Spider:4 | Identified the scarf of Kupoz {harm, -Cast rCorr Dex+3}
 36569 | Spider:4 | Got a gossamer rune of Zot
 36570 | Spider:4 | Identified the +1 hat of Esumin {rPois Will+ Regen+}
 36929 | Elf:1    | Entered Level 1 of the Elven Halls
 36979 | Elf:1    | Paralysed by an air elemental for 1 turns
 36981 | Elf:1    | Paralysed by an air elemental for 1 turns
 36999 | Elf:1    | Identified the +2 robe of Yesterday {rElec rN+ Regen+}
 37586 | Elf:1    | Reached XP level 20. HP: 160/160 MP: 28/28
 37854 | Elf:1    | Got the Directory of Nightshade
 38328 | Elf:2    | Found Ydghaomp's Distillery.
 38331 | Elf:2    | Bought a potion of heal wounds for 75 gold pieces
 38411 | Elf:2    | Found a runed translucent gate.
 38411 | Elf:2    | Found a runed translucent gate.
 38412 | Elf:2    | Found a runed translucent gate.
 38495 | Elf:2    | Found Faet's Jewellery Emporium.
 38495 | Elf:2    | Found Puthritui's Book Shop.
 38496 | Elf:2    | Found Xasugoyr's Book Shop.
 38768 | Elf:2    | Noticed Louise
 38781 | Elf:2    | Killed Louise
 38821 | Elf:2    | Identified the serpent talisman of the Monk {Dex+4}
 38821 | Elf:2    | Noticed Aizul
 38831 | Elf:2    | Killed Aizul
 38848 | Elf:2    | Reached skill level 15 in Fighting
 39289 | Elf:3    | Entered Level 3 of the Elven Halls
 40054 | Elf:3    | Noticed a Tzitzimitl
 40251 | Elf:3    | Reached skill level 15 in Shields
 40487 | Elf:3    | Identified the +5 rapier of Nytwus {freeze, ^Drain Fly rN+
                  | Dex+3}
 40491 | Elf:3    | Identified the ring "Toos" {rElec rPois Will+ Str-2 Int+6}
 40508 | Elf:3    | Noticed a Tzitzimitl
 40598 | Elf:3    | Identified the amulet of the Doge {Faith Int+2 SInv}
 40599 | Elf:3    | Identified the +2 hand axe of the Tired Visions {venom,
                  | Dex+2}
 40599 | Elf:3    | Identified the ring "Jalaso Puix" {Wiz rCorr Str-2 Dex+4
                  | Slay+6}
 40603 | Elf:3    | Reached XP level 21. HP: 170/170 MP: 29/29
 40624 | Elf:3    | Identified the +0 robe of Celunueh {Will+ Str+3 Int+3}
 40826 | Elf:3    | Upgraded the game from 0.31.0-4-g52a2dc7128 to
                  | 0.31.0-7-gf635a9b802
 41151 | Depths:1 | Entered Level 1 of the Depths
 41152 | Depths:1 | Noticed a caustic shrike
 41153 | Depths:1 | Noticed a caustic shrike
 41154 | Depths:1 | Noticed a caustic shrike
 41165 | D:15     | Killed a caustic shrike
 41195 | D:15     | Killed a caustic shrike
 41204 | D:15     | Killed a caustic shrike
 41360 | Depths:1 | Found Ycaz's Gadget Gallery.
 41464 | Depths:1 | Found a gateway to Hell.
 41599 | Depths:1 | Noticed Asterion
 41604 | Depths:1 | Killed Asterion
 41965 | Depths:1 | Found a broken altar of Ashenzari.
 42430 | Depths:2 | Noticed Boris
 42443 | Depths:2 | Killed Boris
 42499 | Depths:2 | Reached skill level 15 in Armour
 42951 | Depths:2 | Noticed a juggernaut
 42974 | Depths:2 | Killed a juggernaut
 43281 | Depths:2 | Noticed a golden dragon
 43287 | Depths:2 | Killed a golden dragon
 43319 | Depths:2 | Identified the +1 broad axe "Newtbane" {flame, *Slow Will+
                  | Dex+6}
 43366 | Depths:2 | Reached XP level 22. HP: 183/183 MP: 30/30
 43380 | Depths:2 | Noticed a juggernaut
 43444 | Depths:2 | Killed a juggernaut
 43557 | Depths:2 | Identified the +5 ring mail of Generosity {Fly rF- MP+9}
 44035 | Depths:2 | Found a one-way gateway to a ziggurat.
 44089 | Depths:2 | Found a one-way gate leading to the halls of Pandemonium.
 44271 | Depths:3 | Noticed a golden dragon
 44366 | Depths:3 | Noticed Mennas
 44366 | Depths:3 | Found a one-way gate to the infinite horrors of the Abyss.
 44942 | Depths:2 | Killed Mennas
 45112 | Depths:3 | Killed a golden dragon
 45393 | Depths:3 | Noticed a juggernaut
 45393 | Depths:3 | Noticed a juggernaut
 45395 | Depths:3 | Noticed a juggernaut
 45405 | Depths:3 | Killed a juggernaut
 45415 | Depths:3 | Reached XP level 23. HP: 60/194 MP: 20/31
 45415 | Depths:3 | Killed a juggernaut
 45670 | Depths:3 | Found an iron altar of Okawaru.
 45692 | Depths:3 | Identified the ring "Zuatuu" {^Contam rF+ Str+3 Int+3
                  | Dex+6}
 45994 | Depths:3 | Identified the +7 arbalest of Hepliaklqana's Envy {freeze,
                  | rElec Str+3}
 46175 | Depths:4 | Entered Level 4 of the Depths
 47375 | Depths:4 | Noticed a golden dragon
 47498 | Depths:4 | Found a runed translucent door.
 47513 | Depths:4 | Found a runed translucent door.
 47521 | Depths:4 | Found a runed translucent door.
 47533 | Depths:4 | Found a runed translucent door.
 47682 | Depths:4 | Found a runed translucent door.
 47689 | Depths:4 | Found a runed translucent door.
 47696 | Depths:4 | Killed a golden dragon
 47787 | Depths:4 | Found a gate to the Realm of Zot.
 48188 | Vaults:1 | Entered Level 1 of the Vaults
 48419 | Vaults:1 | Reached XP level 24. HP: 208/208 MP: 31/31
 48967 | Vaults:1 | You are sucked into a shaft and drop 1 floor!
 49472 | Vaults:2 | Reached skill level 1 in Earth Magic
 49688 | Vaults:2 | Found Irotemu's Antique Weapon Boutique.
 49693 | Vaults:2 | Bought a faintly glowing orcbow for 280 gold pieces
 49693 | Vaults:2 | Identified the +10 orcbow of Enesa {drain, Str+4} (You
                  | bought it in a shop on level 2 of the Vaults)
 49896 | Vaults:2 | Noticed Margery
 49905 | Vaults:2 | Killed Margery
 49908 | Vaults:2 | Identified the +2 robe of the Modern Persimmons {rF+}
 50437 | Vaults:3 | Noticed Xtahua
 50451 | Vaults:3 | Killed Xtahua
 50564 | Vaults:3 | Found a crumbling gateway.
 50572 | Desolati | Entered the Desolation of Salt
 50646 | Desolati | Identified the ring of Axuosial {^Drain +Blink Fly rC+}
 50744 | Desolati | Got Sif Muna's Directory of Bringing Forth and Tinctures
 50749 | Desolati | Got the Cyclopedia of Geometric Enchantment
 50761 | Desolati | Identified the +2 orcbow of Zouruhoo {flame, Int+3 Dex+2
                  | Stlth-}
 50819 | Desolati | Found the +2 cloak of the Thief {*Fog Slay-2 SInv Stlth+}
 50824 | Desolati | Identified the +3 orcbow "Xuzuh" {flame, Dex+7}
 50827 | Desolati | Identified the ring of Erunee {rN+ Slay+4}
 50852 | Desolati | Identified the +0 robe of Asceticism {rCorr Int+3 SInv}
 50999 | Desolati | Identified the +8 spear "Woutaj" {freeze, rPois Str+4}
 51053 | Desolati | Identified the amulet "Geppaq" {Regen+ Str+3}
 51357 | Vaults:3 | Reached XP level 25. HP: 211/217 MP: 31/31
 51712 | Vaults:3 | Reached skill level 5 in Earth Magic
 52283 | Vaults:3 | Found a staircase to the Crypt.
 52618 | Vaults:4 | Noticed Boris
 52626 | Vaults:4 | Killed Boris
 52667 | Vaults:4 | Found a magical portal.
 52674 | WizLab   | Entered The Hall of the Hellbinder
 53143 | WizLab   | Found a burning altar of Makhleb.
 53181 | WizLab   | Got the Cyclopedia of the Swarm
 53925 | Vaults:4 | Identified the +4 halberd "Spiderslayer" {heavy, rN+ Will+
                  | MP+9 Int+3}
 54519 | Slime:1  | Entered Level 1 of the Pits of Slime
 54638 | Slime:1  | Reached XP level 26. HP: 228/228 MP: 31/31
 54900 | Slime:1  | Learned a level 3 spell: Passwall
 54905 | Slime:1  | Learned a level 4 spell: Dimensional Bullseye
 55135 | Orc:2    | Bought a book of the Moon for 480 gold pieces
 55140 | Orc:2    | Bought a scroll of brand weapon for 142 gold pieces
 55140 | Orc:2    | Bought a scroll of fog for 60 gold pieces
 55140 | Orc:2    | Bought a scroll of fear for 60 gold pieces
 55145 | Orc:2    | Learned a level 4 spell: Passage of Golubria
 57738 | Slime:5  | Entered Level 5 of the Pits of Slime
 57908 | Slime:5  | Gained mutation: Potions are less effective at restoring
                  | your health. [a shining eye]
 57926 | Slime:5  | Found a viscous altar of Jiyva.
 57991 | Slime:5  | Gained mutation: Your body sometimes deteriorates upon
                  | taking damage. [a shining eye]
 58084 | Slime:5  | Reached skill level 1 in Hexes
 58332 | Slime:5  | Noticed the Royal Jelly
 58340 | Slime:5  | Killed the Royal Jelly
 58514 | Slime:5  | Got a slimy rune of Zot
 58516 | Slime:5  | Identified the ring "Tunokh" {rC+ Int+6}
 58546 | Slime:5  | Identified the staff of Dissolution {rN+ SInv Necro}
 58571 | Slime:5  | Identified the +2 shortbow "Xelot" {freeze, rPois rN+ SInv}
 58644 | Slime:5  | Identified the +6 spear of Hidwe {heavy, Int+4 Stlth+}
 58657 | Slime:5  | Got the Catalogue of the Turbulent Union
 58689 | Slime:5  | Identified the +3 battleaxe "Byiptoic" {freeze, ^Fragile
                  | rPois rN+ Stlth+}
 58991 | D:14     | You showed the slimy rune of Zot to enter a treasure trove
 58992 | Trove    | Entered a treasure trove
 59049 | Trove    | Identified the ring of Ruumea {Ice Str+3 Int+2}
 59055 | Trove    | Got Colafet's Elucidation of the Winter and Creation
 59057 | Trove    | Identified the ring "Acirev" {rC+ AC+4 Int+2}
 59084 | Trove    | Identified the +5 scimitar of the Boiling Point {flame,
                  | Dex+3 Stlth+}
 59088 | Trove    | Identified the ring "Makhlof" {rN+ Slay+4}
 59385 | Crypt:1  | Entered Level 1 of the Crypt
 60632 | Crypt:2  | Reached skill level 10 in Translocations
 61183 | Crypt:3  | Entered Level 3 of the Crypt
 61201 | Crypt:3  | Noticed Boris
 61228 | Crypt:3  | Killed Boris
 61435 | Crypt:3  | Identified a scroll of acquirement
 61460 | Crypt:3  | Acquired a +1 hand cannon of flaming
 61569 | Crypt:3  | Reached XP level 27. HP: 236/236 MP: 31/31
 61608 | Crypt:3  | Reached skill level 5 in Hexes
 62117 | Crypt:3  | Noticed an ancient lich
 62121 | Crypt:3  | Killed an ancient lich
 62183 | Crypt:3  | Found the +3 giant club "Skullcrusher" {speed, Str+7}
 62208 | Crypt:3  | Identified the ring "Toavir" {Fly rF+ Str+2 Dex+4 Stlth+}
 62389 | Crypt:3  | Identified the ring of Hexawn {*Slow rElec rPois rN+}
 62389 | Crypt:3  | Identified the ring "Ikibruw" {+Blink rN+}
 62395 | Crypt:3  | Identified the ring "Docic" {rElec rN+ Str+2}
 62611 | Crypt:3  | Found a staircase to the Tomb.
 62772 | Crypt:3  | Learned a level 6 spell: Dispersal
 62803 | Crypt:3  | Upgraded the game from 0.31.0-7-gf635a9b802 to
                  | 0.31.0-9-g3a7656b989
 63349 | Zot:1    | Entered Level 1 of the Realm of Zot
 63354 | Zot:1    | Noticed an orb of fire
 63357 | Zot:1    | Noticed an ancient lich
 63416 | Zot:1    | Gained mutation: You are somewhat resistant to further
                  | mutation. [an orb of fire]
 63430 | Depths:4 | Killed an orb of fire
 63431 | Depths:4 | Reached skill level 1 in Alchemy
 63434 | Depths:4 | Reached skill level 1 in Spellcasting
 63494 | Depths:4 | Gained mutation: You do not regenerate when monsters are
                  | visible. [mutagenic glow]
 63713 | Zot:1    | Noticed a dread lich
 63718 | Depths:4 | Killed an ancient lich
 63739 | Zot:1    | Killed a dread lich
 64453 | Zot:1    | Identified the death talisman "Cosuegg" {+Blink Dex+5}
 66118 | Zot:3    | Noticed Parghit
 66491 | Zot:3    | Reached skill level 15 in Translocations
 66861 | Zot:3    | Killed Parghit
 67679 | Zot:4    | Found a transporter.
 67680 | Zot:4    | Found a transporter.
 67702 | Zot:4    | Found a transporter.
 67704 | Zot:4    | Found a transporter.
 67962 | Zot:4    | Reached skill level 5 in Alchemy
 68361 | Depths:3 | Killed a juggernaut
 68665 | Vaults:5 | Entered Level 5 of the Vaults
 68669 | Vaults:5 | Reached skill level 5 in Spellcasting
 69597 | Vaults:5 | Identified the +7 hand axe "Wautoeti" {spect, rElec rPois
                  | Str-3 Int+3}
 69720 | Vaults:5 | Noticed Bai Suzhen
 69726 | Vaults:5 | Killed Bai Suzhen
 69831 | Vaults:5 | Identified the +6 long sword of the Glowing Shrike
                  | {antimagic, ^Drain rF+ Int+4}
 69842 | Vaults:5 | Identified the +1 falchion of the Eel {drain, Str+4}
 69892 | Vaults:5 | Got the Vellum of the Grounded Burn
 69968 | Vaults:5 | Found the +10 zealot's sword {holy, Zealotry, *Rage rN+
                  | EV+3}
 70025 | Vaults:5 | Got the Handbook of Vexing Blows
 70177 | Vaults:5 | Got a silver rune of Zot
 70181 | Vaults:5 | Identified the staff "Ciasar" {rN+ rCorr Int-3 Conj Necro}
 70514 | Vaults:5 | Lost mutation: You do not regenerate when monsters are
                  | visible. [potion of mutation]
 70514 | Vaults:5 | Lost mutation: Your body sometimes deteriorates upon taking
                  | damage. [potion of mutation]
 70514 | Vaults:5 | Gained mutation: You are agile. (Dex +4, Str/Int -1)
                  | [potion of mutation]
 70514 | Vaults:5 | Gained mutation: You have an increased reservoir of magic.
                  | (+10% MP) [potion of mutation]
 70860 | Zig:1    | Entered Level 1 of a ziggurat
 70860 | Zig:1    | Noticed Zaigu the pandemonium lord
 70867 | Zig:1    | Killed Zaigu the pandemonium lord
 70978 | Zig:2    | Entered Level 2 of a ziggurat
 71231 | Zig:3    | Entered Level 3 of a ziggurat
 71298 | Zig:4    | Entered Level 4 of a ziggurat
 71346 | Zig:5    | Entered Level 5 of a ziggurat
 71518 | Zig:5    | Identified the +4 war axe "Pavvyq" {spect, rF++}
 71547 | Zig:6    | Entered Level 6 of a ziggurat
 71597 | Zig:6    | Identified the ring of the Building Gods {Ice MP+9 Str-3
                  | Int+4}
 71859 | Zig:7    | Entered Level 7 of a ziggurat
 71864 | Zig:7    | Noticed Weicetim the pandemonium lord
 71873 | Zig:7    | HP: 2/240 [sphinx/divine providence[a demonspawn corrupter]
                  | (16)]
 72275 | Depths:3 | Voluntarily entered the Abyss.
 72276 | Abyss:1  | Found a corrupted altar of Lugonu.
 72978 | Abyss:2  | Found a corrupted altar of Lugonu.
 73092 | Abyss:2  | Found a corrupted altar of Lugonu.
 73162 | Abyss:2  | Gained mutation: Your health recovers twice as slowly from
                  | being drained. [a neqoxec]
 73295 | Abyss:2  | Found a corrupted altar of Lugonu.
 73887 | Abyss:4  | Found a corrupted altar of Lugonu.
 73911 | Abyss:4  | Learned a level 1 spell: Apportation
 73999 | Abyss:4  | Reached skill level 27 in Ranged Weapons
 74108 | Abyss:4  | Found a corrupted altar of Lugonu.
 74133 | Abyss:4  | Identified the ring of the Growing Fool {Fire rPois Int-5
                  | Slay+2}
 74155 | Abyss:4  | Paralysed by accursed screaming for 1 turns
 74163 | Depths:3 | Escaped the Abyss
 74497 | Depths:4 | Voluntarily entered the Abyss.
 74503 | Abyss:4  | Found a corrupted altar of Lugonu.
 74510 | Abyss:4  | Found a corrupted altar of Lugonu.
 74559 | Abyss:4  | Paralysed by accursed screaming for 1 turns
 74564 | Abyss:4  | Paralysed by accursed screaming for 1 turns
 74678 | Abyss:4  | Found a corrupted altar of Lugonu.
 74702 | Abyss:4  | Found a corrupted altar of Lugonu.
 74888 | Abyss:5  | Upgraded the game from 0.31.0-9-g3a7656b989 to
                  | 0.31.0-10-gcf4a605ca0
 74894 | Abyss:5  | Found a transporter.
 74917 | Abyss:5  | Reached skill level 1 in Shapeshifting
 74967 | Abyss:5  | Found a transporter.
 74972 | Abyss:5  | Found a transporter.
 74973 | Abyss:5  | Got an abyssal rune of Zot
 75016 | Abyss:5  | Paralysed by accursed screaming for 2 turns
 75025 | Abyss:5  | Paralysed by accursed screaming for 2 turns
 75134 | Depths:4 | Escaped the Abyss
 75142 | Depths:4 | Learned a level 3 spell: Gell's Gravitas
 75144 | Depths:4 | Voluntarily entered the Abyss.
 75169 | Abyss:5  | Found a corrupted altar of Lugonu.
 75405 | Abyss:5  | Noticed a dread lich
 75412 | Abyss:5  | Killed a dread lich
 75434 | Abyss:5  | Reached skill level 5 in Shapeshifting
 75456 | Abyss:5  | Paralysed by accursed screaming for 1 turns
 75631 | Abyss:5  | Paralysed by accursed screaming for 2 turns
 75640 | Depths:4 | Escaped the Abyss
 75775 | Depths:4 | Voluntarily entered the Abyss.
 75775 | Abyss:5  | Found a corrupted altar of Lugonu.
 76127 | Depths:4 | Escaped the Abyss
 76129 | Depths:4 | Voluntarily entered the Abyss.
 76144 | Depths:4 | Escaped the Abyss
 76186 | Depths:4 | Voluntarily entered the Abyss.
 76414 | Depths:4 | Escaped the Abyss
 76562 | Depths:4 | Voluntarily entered the Abyss.
 76613 | Abyss:5  | Noticed an ancient lich
 76623 | Abyss:5  | Killed an ancient lich
 76756 | Abyss:5  | Paralysed by accursed screaming for 1 turns
 76799 | Depths:4 | Escaped the Abyss
 76888 | Depths:4 | Voluntarily entered the Abyss.
 77130 | Depths:4 | Escaped the Abyss
 77308 | Depths:4 | Voluntarily entered the Abyss.
 77313 | Abyss:5  | Found a corrupted altar of Lugonu.
 77361 | Abyss:5  | Found a corrupted altar of Lugonu.
 77424 | Abyss:5  | Reached skill level 10 in Shapeshifting
 77430 | Abyss:5  | Paralysed by accursed screaming for 1 turns
 77435 | Abyss:5  | Paralysed by accursed screaming for 2 turns
 77438 | Abyss:5  | Paralysed by accursed screaming for 1 turns
 77444 | Abyss:5  | Paralysed by accursed screaming for 1 turns
 77482 | Depths:4 | Escaped the Abyss
 77732 | Depths:4 | Voluntarily entered the Abyss.
 78323 | Abyss:5  | Paralysed by accursed screaming for 1 turns
 78326 | Depths:4 | Escaped the Abyss
 78365 | Depths:4 | Voluntarily entered the Abyss.
 78381 | Abyss:5  | Found a corrupted altar of Lugonu.
 78516 | Abyss:5  | Noticed an ancient lich
 78528 | Abyss:5  | Killed an ancient lich
 78646 | Depths:4 | Escaped the Abyss
 78744 | Depths:4 | Voluntarily entered the Abyss.
 79049 | Abyss:5  | Reached skill level 27 in Armour
 79072 | Depths:4 | Escaped the Abyss
 79292 | Depths:4 | Voluntarily entered the Abyss.
 79295 | Abyss:5  | Found a corrupted altar of Lugonu.
 79394 | Abyss:5  | Noticed a dread lich
 79411 | Abyss:5  | Noticed a dread lich
 79426 | Abyss:5  | Killed a dread lich
 79439 | Abyss:5  | Paralysed by accursed screaming for 1 turns
 79442 | Abyss:5  | Paralysed by accursed screaming for 1 turns
 79449 | Abyss:5  | Paralysed by accursed screaming for 1 turns
 79452 | Abyss:5  | Paralysed by accursed screaming for 2 turns
 79464 | Depths:4 | Escaped the Abyss
 79602 | Depths:4 | Voluntarily entered the Abyss.
 79732 | Abyss:5  | Reached skill level 15 in Shapeshifting
 79883 | Abyss:5  | Killed a dread lich
 79944 | Depths:4 | Escaped the Abyss
 80105 | Depths:4 | Voluntarily entered the Abyss.
 80105 | Abyss:5  | Found a corrupted altar of Lugonu.
 80915 | Abyss:5  | Paralysed by accursed screaming for 2 turns
 80920 | Abyss:5  | Paralysed by accursed screaming for 1 turns
 81143 | Depths:4 | Escaped the Abyss
 81219 | Depths:4 | Voluntarily entered the Abyss.
 81616 | Abyss:5  | Paralysed by accursed screaming for 1 turns
 81896 | Abyss:5  | Paralysed by accursed screaming for 2 turns
 81902 | Abyss:5  | Paralysed by accursed screaming for 2 turns
 81905 | Depths:4 | Escaped the Abyss
 82111 | Depths:4 | Voluntarily entered the Abyss.
 82447 | Depths:4 | Escaped the Abyss
 82574 | Depths:4 | Voluntarily entered the Abyss.
 83137 | Depths:4 | Escaped the Abyss
 83171 | Depths:4 | Voluntarily entered the Abyss.
 83173 | Abyss:5  | Found a corrupted altar of Lugonu.
 83430 | Abyss:5  | Paralysed by an air elemental for 1 turns
 83441 | Depths:4 | Escaped the Abyss
 83724 | Pan      | Entered Pandemonium
 83849 | Pan      | Noticed Ignacio
 83858 | Pan      | Killed Ignacio
 83945 | Pan      | Reached skill level 1 in Stealth
 84048 | Pan      | Identified the dragon-blood talisman "Xuhaunnett" {Stlth+}
 84073 | Pan      | Identified the +0 scale mail "Uwiupou" {rPois rC+++ Str-2}
 84589 | Pan      | Acquired the +2 pair of boots "Beuryij" {Regen+ Stlth+}
 84710 | Pan      | Noticed Rotad the pandemonium lord
 84724 | Pan      | Killed Rotad the pandemonium lord
 85230 | Pan      | Found a transporter.
 85464 | Pan      | Reached skill level 10 in Evocations
 85630 | Pan      | Acquired the +0 hat of Ichaban {rElec Regen+ Slay+3}
 85822 | Pan      | Found a transporter.
 85867 | Pan      | Paralysed by a Zot trap for 2 turns
 85894 | Pan      | Identified the ring "Wupsong" {rN+ Str+6 Stlth+}
 85903 | Pan      | Identified the ring "Nismergh" {Ice rElec rN+}
 86143 | Pan      | Reached skill level 10 in Spellcasting
 86255 | Pan      | Noticed Aracupt the pandemonium lord
 86262 | Pan      | Killed Aracupt the pandemonium lord
 87126 | Pan      | Found a runed translucent door.
 87135 | Pan      | Got a demonic rune of Zot
 88169 | Pan      | Noticed Hafoac the pandemonium lord
 88176 | Pan      | Killed Hafoac the pandemonium lord
 88630 | Pan      | Noticed Sywir the pandemonium lord
 88637 | Pan      | Killed Sywir the pandemonium lord
 88816 | Pan      | Reached skill level 15 in Evocations
 89567 | Pan      | Entered the realm of Gloorx Vloq.
 90369 | Pan      | Reached skill level 15 in Spellcasting
 90396 | Pan      | Got a dark rune of Zot
 90404 | Pan      | Noticed Gloorx Vloq
 90418 | Pan      | Killed Gloorx Vloq
 90666 | Pan      | Reached skill level 10 in Earth Magic
 90880 | Pan      | Found a transporter.
 91041 | Pan      | Found a transporter.
 92029 | Pan      | Reached skill level 10 in Alchemy
 92053 | Pan      | Identified the ring of Xiuniali {rElec EV+5 Stlth+}
 92087 | Pan      | Identified the ring of the Little Devil {Wiz Fly rC+ Dex-5}
 92140 | Pan      | Noticed Roix the pandemonium lord
 92149 | Pan      | Killed Roix the pandemonium lord
 92630 | Pan      | Reached skill level 10 in Hexes
 93113 | Pan      | Entered the realm of Cerebov.
 93286 | Pan      | Found an exit through the horrors of the Abyss.
 93554 | Pan      | Found the +6 sword of Cerebov {flame}
 93554 | Pan      | Noticed Cerebov
 93686 | Pan      | Killed Cerebov
 93722 | Pan      | Identified the +6 arbalest of Corpus Delicti {drain, rElec}
 93730 | Pan      | Identified the ring of Noattol {^Drain +Blink Dex+6 Stlth+}
 93785 | Pan      | Got a fiery rune of Zot
 93837 | Pan      | Identified the +12 dagger of the Usurping Tiger {drain,
                  | Str+4}
 93859 | Pan      | Identified the +12 broad axe "Deibeviw" {flame, rF- rC+
                  | Will+ Int+3}
 93864 | Pan      | Identified the +6 triple crossbow of Peace {speed, rC+
                  | Stlth+}
 93869 | Pan      | Identified the ring of Satisfaction {rElec Dex+6 Stlth+}
 94761 | Pan      | Noticed Cahiniopt the pandemonium lord
 94777 | Pan      | Killed Cahiniopt the pandemonium lord
 94787 | Pan      | Got the Lectures on the Atmosphere and Algor
 94842 | Pan      | Found an exit through the horrors of the Abyss.
 96224 | Pan      | Learned a level 8 spell: Disjunction
 96720 | Pan      | Entered the realm of Mnoleg.
 97095 | Pan      | Found an exit through the horrors of the Abyss.
 97117 | Pan      | Noticed Mnoleg
 97141 | Pan      | Killed Mnoleg
 97493 | Pan      | Identified the staff of Crawling {rN+ Will+ Summ Necro}
 97517 | Pan      | Got a glowing rune of Zot
 97956 | Pan      | Noticed Gext the pandemonium lord
 97964 | Pan      | Killed Gext the pandemonium lord
 98966 | Pan      | Noticed Voehew the pandemonium lord
 98995 | Depths:2 | Escaped Pandemonium
 99134 | Pan      | Entered Pandemonium
 99544 | Pan      | Reached skill level 27 in Fighting
 99881 | Pan      | Noticed Zibb the pandemonium lord
 99898 | Pan      | Killed Zibb the pandemonium lord
100361 | Pan      | Found an exit through the horrors of the Abyss.
100495 | Pan      | Entered the realm of Lom Lobon.
101233 | Pan      | Noticed Lom Lobon
101258 | Pan      | Killed Lom Lobon
101332 | Pan      | Got a magical rune of Zot
101856 | Pan      | Found an exit through the horrors of the Abyss.
101955 | Pan      | Noticed Noddoh the pandemonium lord
101974 | Pan      | Killed Noddoh the pandemonium lord
102235 | Depths:2 | Escaped Pandemonium
102719 | D:10     | Killed Skimidon's ghost
102983 | Hell     | Entered the Vestibule of Hell
102983 | Hell     | Noticed Geryon
102996 | Hell     | Noticed Murray
103019 | Hell     | Killed Murray
103025 | Hell     | Killed Geryon
103199 | Hell     | Found a gateway to the ashen valley of Gehenna.
103306 | Hell     | Found a gateway to the Iron City of Dis.
103374 | Hell     | Found a gateway to the freezing wastes of Cocytus.
103446 | Hell     | Found a gateway to the decaying netherworld of Tartarus.
103576 | Geh:1    | Entered Level 1 of Gehenna
104624 | Geh:7    | Entered Level 7 of Gehenna
105238 | Geh:7    | Reached skill level 27 in Shields
105356 | Geh:7    | Identified the +6 trident of Azauhi {flame, rPois Dex+4}
105373 | Geh:7    | Identified the +3 halberd of Bodily Harmony {drain,
                  | ^Fragile Dex+5}
105404 | Geh:7    | Found the +13 sceptre of Asmodeus
105404 | Geh:7    | Noticed Asmodeus
105556 | Geh:7    | Killed Asmodeus
105578 | Geh:7    | Got an obsidian rune of Zot
105714 | Dis:1    | Entered Level 1 of the Iron City of Dis
106142 | Dis:1    | Found a burning altar of Makhleb.
106385 | Dis:4    | Reached skill level 27 in Dodging
107164 | Dis:7    | Entered Level 7 of the Iron City of Dis
107603 | Dis:7    | Noticed a juggernaut
107613 | Dis:7    | Killed a juggernaut
108035 | Dis:7    | Noticed a juggernaut
108076 | Dis:7    | Killed a juggernaut
108227 | Dis:7    | Noticed a juggernaut
108235 | Dis:7    | Killed a juggernaut
108484 | Dis:7    | Identified the +4 lajatang of Big Damage {protect, rCorr}
108486 | Dis:7    | Identified the +0 battleaxe of Gapinepe {flame, *Corrode
                  | rC+ rN+ Int+2}
108813 | Dis:7    | Identified the ring "Lump" {rElec rPois Will+ Str+2 Int-5}
108887 | Dis:7    | Noticed Dispater
108913 | Dis:7    | Killed Dispater
109089 | Dis:7    | Identified the +1 chain mail of Egump {Int+3 Stlth+}
109096 | Dis:7    | Got an iron rune of Zot
109097 | Dis:7    | Identified the ring of Ymul {Fly Will+}
109099 | Dis:7    | Identified the ring "Juker" {rF++ Will+++ Str+6 Int-2
                  | Stlth-}
109101 | Dis:7    | Identified the +0 chain mail of Glamorous Birdsong {rN+
                  | Int+3 Slay+2}
109324 | Tar:1    | Entered Level 1 of Tartarus
109456 | Tar:1    | You fall into a shaft and drop 1 floor!
109566 | Tar:3    | Noticed an ancient lich
109574 | Tar:3    | Killed an ancient lich
109957 | Pan      | Entered Pandemonium
110171 | Pan      | Noticed Rusheufy the pandemonium lord
110272 | Pan      | Killed Rusheufy the pandemonium lord
110871 | Pan      | Noticed Icvororch the pandemonium lord
110894 | Pan      | Killed Icvororch the pandemonium lord
111408 | Pan      | Reached skill level 27 in Translocations
111957 | Pan      | Identified the +9 long sword of Fear {chaos, Fly rElec
                  | Int-5 Dex+3}
112101 | Pan      | Found a runed translucent door.
112134 | Pan      | Found a runed translucent door.
112138 | Pan      | Found a runed translucent door.
112163 | Pan      | Found a runed translucent door.
112622 | Pan      | Noticed Afitazi the pandemonium lord
112646 | Pan      | Killed Afitazi the pandemonium lord
112933 | Pan      | Noticed Owanwize the pandemonium lord
112953 | Pan      | Killed Owanwize the pandemonium lord
113530 | Pan      | Found an exit through the horrors of the Abyss.
113918 | Depths:2 | Escaped Pandemonium
113948 | Depths:2 | Learned a level 3 spell: Fugue of the Fallen
114131 | Tar:3    | Reached skill level 1 in Necromancy
114421 | Pan      | Entered Pandemonium
114502 | Pan      | Reached skill level 27 in Spellcasting
114538 | Pan      | Noticed Ruask the pandemonium lord
114545 | Pan      | Killed Ruask the pandemonium lord
114546 | Pan      | Reached skill level 5 in Necromancy
114986 | Pan      | Found an exit through the horrors of the Abyss.
115374 | Pan      | Noticed Allonah the pandemonium lord
115378 | Pan      | Killed Allonah the pandemonium lord
115468 | Pan      | Acquired the ring of Nuyqeu {+Blink rCorr Str-3 Dex+6
                  | Slay+4}
115890 | Pan      | Learned a level 7 spell: Haunt
115940 | Pan      | Reached skill level 1 in Summonings
115978 | Pan      | Found an exit through the horrors of the Abyss.
116681 | Pan      | Noticed Kagrah the pandemonium lord
116690 | Pan      | Killed Kagrah the pandemonium lord
116691 | Pan      | Reached skill level 5 in Summonings
116734 | Pan      | Reached skill level 10 in Necromancy
116928 | Pan      | Found an exit through the horrors of the Abyss.
117359 | Pan      | Noticed Avuyt the pandemonium lord
117362 | Pan      | Killed Avuyt the pandemonium lord
117563 | Pan      | Found an exit through the horrors of the Abyss.
118018 | Pan      | Reached skill level 10 in Summonings
118316 | Pan      | Identified the +8 scimitar of False Accusations {holy, rF+
                  | Will+ Int+2}
118339 | Pan      | Noticed Wecuwoid the pandemonium lord
118344 | Pan      | Killed Wecuwoid the pandemonium lord
118910 | Pan      | Found a white marble altar of Elyvilon.
120465 | Pan      | Reached skill level 15 in Summonings
120660 | Pan      | Identified the +1 tower shield "Joohats" {rF+ rCorr Str+3}
120750 | Pan      | Reached skill level 15 in Necromancy
120887 | Pan      | Found a glowing silver altar of Zin.
121026 | Pan      | Reached skill level 1 in Long Blades
121171 | Pan      | Identified the +4 tower shield of Supple Strength {Harm
                  | Dex+3}
121332 | Pan      | Reached skill level 5 in Long Blades
121932 | Pan      | Identified the ring "Rucw" {rPois rF+ rC+ MP-9 Str+3}
121975 | Pan      | Reached skill level 10 in Long Blades
121979 | Pan      | Noticed a seraph
121991 | Pan      | Killed a seraph
122192 | Pan      | Identified the +2 quarterstaff "Huamyud" {holy, rElec rC+}
122379 | Pan      | Found a glowing golden altar of the Shining One.
122399 | Pan      | Identified the +7 flail of Arrival {vamp, rElec rF+ rC+}
122515 | Depths:2 | Escaped Pandemonium
122927 | Shoals:1 | Bought a runed scarf for 256 gold pieces
123430 | Tar:5    | Learned a level 7 spell: Malign Gateway
123439 | Tar:5    | Learned a level 8 spell: Summon Horrible Things
123444 | Tar:5    | Learned a level 4 spell: Martyr's Knell
123561 | Pan      | Entered Pandemonium
123687 | Pan      | Noticed Bimo the pandemonium lord
123696 | Pan      | Killed Bimo the pandemonium lord
124128 | Pan      | Found an exit through the horrors of the Abyss.
124271 | Pan      | Got the Enchiridion on Superposition and Scree
124272 | Pan      | Identified the +2 shortbow "Poiffuta" {heavy, rN+++ Str-2
                  | Dex+4 SInv}
124301 | Pan      | Noticed Qusea the pandemonium lord
124304 | Pan      | Reached skill level 15 in Long Blades
124311 | Pan      | Killed Qusea the pandemonium lord
124616 | Pan      | Found an exit through the horrors of the Abyss.
124927 | Pan      | Reached skill level 5 in Stealth
124947 | Pan      | Identified the +6 chain mail of Boep {^Contam rElec Int+7
                  | SInv}
125167 | Pan      | Noticed Jynkiew the pandemonium lord
125179 | Pan      | Killed Jynkiew the pandemonium lord
125822 | Pan      | Found an exit through the horrors of the Abyss.
126566 | Pan      | Noticed Jeosun the pandemonium lord
126575 | Pan      | Killed Jeosun the pandemonium lord
127079 | Pan      | Noticed Jiqet the pandemonium lord
127094 | Pan      | Killed Jiqet the pandemonium lord
127184 | Pan      | Identified the +2 dagger "Uwia" {flame, rPois rC+ Dex-3}
127451 | Pan      | Reached skill level 10 in Stealth
127452 | Pan      | Found an exit through the horrors of the Abyss.
127519 | Pan      | Identified the +4 mace "Uwnikiul" {vamp, ^Fragile rF++
                  | rN+++ Dex-2}
127606 | Pan      | Took an exit into the Abyss.
127606 | Abyss:5  | Escaped into the Abyss
127821 | Depths:2 | Escaped the Abyss
128079 | Tar:7    | Entered Level 7 of Tartarus
128079 | Tar:7    | Noticed a dread lich
128085 | Tar:7    | Killed a dread lich
129299 | Tar:7    | Identified the +7 great mace "Wet Soash" {drain, rF++ rN++
                  | Str-2}
129300 | Tar:7    | Identified the amulet "Japn" {Spirit Int+3 Dex+2}
129784 | Tar:7    | Identified the +9 great mace "Qiesozu" {freeze, rCorr
                  | Str+3}
129882 | Tar:7    | Noticed Ereshkigal
129893 | Tar:7    | Paralysed by Ereshkigal for 5 turns
129899 | Tar:7    | Killed Ereshkigal
129922 | Tar:7    | Identified the +1 plate armour of Compression {Int+6}
129924 | Tar:7    | Identified the +7 mace of Joazewot {drain, rF++ rN+ Str-3
                  | SInv}
129927 | Tar:7    | Got a bone rune of Zot
129933 | Tar:7    | Identified the +1 pair of boots of Insecurity {Harm Regen+
                  | Str+3 Dex-4}
130334 | Coc:1    | Entered Level 1 of Cocytus
130416 | Coc:3    | Noticed a dread lich
130421 | Coc:3    | Killed a dread lich
130495 | Coc:4    | Noticed an ancient lich
130503 | Coc:4    | Killed an ancient lich
130975 | Coc:6    | Paralysed by a wendigo for 1 turns
131047 | Coc:6    | Reached skill level 15 in Stealth
131066 | Coc:6    | Noticed an ancient lich
131102 | Coc:6    | Killed an ancient lich
131179 | Coc:7    | Entered Level 7 of Cocytus
131260 | Coc:7    | Noticed the Serpent of Hell
131273 | Coc:7    | the Serpent of Hell changed into a Brimstone Fiend shaped
                  | Serpent of Hell
131273 | Coc:7    | Noticed a Brimstone Fiend shaped Serpent of Hell
131274 | Coc:7    | Killed a Brimstone Fiend shaped Serpent of Hell
131282 | Coc:7    | Noticed a dread lich
131297 | Coc:7    | Killed a dread lich
131479 | Coc:7    | Paralysed by a wendigo for 1 turns
131654 | Coc:7    | Paralysed by a wendigo for 1 turns
131840 | Coc:7    | Identified the staff of Doom {Fly rC+ Str+3 SInv Ice}
131864 | Coc:7    | Learned a level 9 spell: Dragon's Call
132034 | Coc:7    | Noticed Antaeus
132062 | Coc:7    | Killed Antaeus
132226 | Coc:7    | Identified the ring "Vitec" {rPois rC++ Int+3 Dex+2 SInv}
132235 | Coc:7    | Got an icy rune of Zot
132245 | Coc:7    | Identified the +4 ring mail of the New World {-Tele rC+
                  | SInv}
132251 | Coc:7    | Identified the maw talisman "Acatog" {*Slow Str+4}
132910 | Tomb:1   | Entered Level 1 of the Tomb of the Ancients
133418 | Tomb:1   | Noticed a royal mummy
133440 | Tomb:1   | Killed a royal mummy
133553 | Tomb:1   | Noticed a royal mummy
133563 | Tomb:1   | Killed a royal mummy
133740 | Tomb:2   | Noticed a royal mummy
133749 | Tomb:2   | Noticed a royal mummy
133749 | Tomb:2   | Noticed a royal mummy
133754 | Tomb:2   | Killed a royal mummy
133758 | Tomb:2   | Noticed a royal mummy
133767 | Tomb:2   | Killed a royal mummy
133771 | Tomb:2   | Killed a royal mummy
133781 | Tomb:2   | Killed a royal mummy
133791 | Tomb:2   | Noticed a royal mummy
133796 | Tomb:2   | Killed a royal mummy
134253 | Tomb:1   | Noticed a royal mummy
134258 | Tomb:1   | Killed a royal mummy
134267 | Tomb:1   | Noticed a royal mummy
134273 | Tomb:1   | Noticed a royal mummy
134274 | Tomb:1   | Killed a royal mummy
134279 | Tomb:1   | Killed a royal mummy
134305 | Tomb:1   | Noticed a royal mummy
134305 | Tomb:1   | Noticed a royal mummy
134305 | Tomb:1   | Noticed a royal mummy
134317 | Tomb:1   | Killed a royal mummy
134328 | Tomb:1   | Killed a royal mummy
134340 | Tomb:1   | Noticed a royal mummy
134349 | Tomb:1   | Noticed a royal mummy
134350 | Tomb:1   | Killed a royal mummy
134363 | Tomb:1   | Killed a royal mummy
134369 | Tomb:1   | Killed a royal mummy
134375 | Tomb:1   | Noticed a royal mummy
134381 | Tomb:1   | Killed a royal mummy
134412 | Tomb:1   | Noticed a royal mummy
134417 | Tomb:1   | Noticed a royal mummy
134418 | Tomb:1   | Killed a royal mummy
134426 | Tomb:1   | Killed a royal mummy
134430 | Tomb:1   | Noticed a royal mummy
134440 | Tomb:1   | Noticed a royal mummy
134444 | Tomb:1   | Killed a royal mummy
134455 | Tomb:1   | Killed a royal mummy
134477 | Tomb:1   | Noticed a royal mummy
134484 | Tomb:1   | Killed a royal mummy
134502 | Tomb:1   | Noticed a royal mummy
134505 | Tomb:1   | Noticed a royal mummy
134509 | Tomb:1   | Noticed a royal mummy
134511 | Tomb:1   | Noticed a royal mummy
134516 | Tomb:1   | Noticed a royal mummy
134520 | Tomb:1   | Noticed a royal mummy
134530 | Tomb:1   | Killed a royal mummy
134533 | Tomb:1   | Noticed a royal mummy
134534 | Tomb:1   | Killed a royal mummy
134534 | Tomb:1   | Noticed a royal mummy
134535 | Tomb:1   | Noticed a royal mummy
134535 | Tomb:1   | Killed a royal mummy
134536 | Tomb:1   | Noticed a royal mummy
134545 | Tomb:1   | Killed a royal mummy
134558 | Tomb:1   | Killed a royal mummy
134568 | Tomb:1   | Killed a royal mummy
134585 | Tomb:1   | Killed a royal mummy
134595 | Tomb:1   | Killed a royal mummy
134601 | Tomb:1   | Killed a royal mummy
134607 | Tomb:1   | Killed a royal mummy
134865 | Tomb:2   | Paralysed by a Zot trap for 4 turns
135209 | Tomb:3   | Entered Level 3 of the Tomb of the Ancients
135225 | Tomb:3   | Noticed a royal mummy
135229 | Tomb:3   | Noticed a royal mummy
135231 | Tomb:3   | Noticed Boris
135236 | Tomb:3   | Killed a royal mummy
135239 | Tomb:3   | Killed a royal mummy
135241 | Tomb:3   | Noticed a royal mummy
135241 | Tomb:3   | Noticed a royal mummy
135242 | Tomb:3   | Noticed a royal mummy
135243 | Tomb:3   | Noticed a royal mummy
135244 | Tomb:3   | Noticed a royal mummy
135245 | Tomb:3   | Noticed a royal mummy
135252 | Tomb:3   | Noticed a royal mummy
135266 | Tomb:3   | Killed a royal mummy
135286 | Tomb:2   | Killed a royal mummy
135443 | Tomb:2   | HP: 12/249 [burnt (9)]
136075 | Pan      | Entered Pandemonium
136305 | Pan      | Noticed Siogon the pandemonium lord
136312 | Pan      | Found an exit through the horrors of the Abyss.
136329 | Pan      | Killed Siogon the pandemonium lord
137098 | Pan      | Noticed Xifedghih the pandemonium lord
137108 | Pan      | Killed Xifedghih the pandemonium lord
137109 | Pan      | Reached skill level 27 in Summonings
137302 | Pan      | Found an exit through the horrors of the Abyss.
137657 | Pan      | Noticed Peruocup the pandemonium lord
137681 | Pan      | Killed Peruocup the pandemonium lord
138032 | Pan      | Found an exit through the horrors of the Abyss.
138536 | Depths:2 | Escaped Pandemonium
139794 | Tomb:3   | Killed Boris
139795 | Tomb:3   | Killed a royal mummy
139795 | Tomb:3   | Killed a royal mummy
139802 | Tomb:3   | Killed a royal mummy
139820 | Tomb:3   | Killed a royal mummy
139828 | Tomb:3   | Killed a royal mummy
140032 | Tomb:3   | Identified the amulet of Optimism {Acrobat rC- Str+4
                  | Stlth+}
140039 | Tomb:3   | Identified the ring "Kablaorr" {Ice Str+3 Slay+2}
140049 | Tomb:3   | Identified the +8 sling of Execution {freeze, Will+ Str+2}
140054 | Tomb:3   | Identified the +1 mace of the Big Bang {flame, *Noise Int+5
                  | Dex+3 SInv}
140055 | Tomb:3   | Identified the staff of Baorghaeh {rElec Str+5 Air}
140061 | Tomb:3   | Identified the ring "Tyweliergh" {rElec rN+ Will+ Int+6
                  | Stlth+}
140211 | Tomb:3   | Identified the +0 flail of Jaerues {drain, Str+7 Stlth-}
140289 | Tomb:3   | Acquired a Necronomicon
140312 | Tomb:3   | Got a golden rune of Zot
141015 | Zot:5    | Entered Level 5 of the Realm of Zot
141042 | Zot:5    | Identified the +2 shortbow of the Fox {flame, rN+}
141479 | Zot:5    | Noticed an orb of fire
141487 | Zot:5    | Killed an orb of fire
141508 | Zot:5    | Noticed an orb of fire
141514 | Zot:5    | Killed an orb of fire
141540 | Zot:5    | Noticed an orb of fire
141547 | Zot:5    | Killed an orb of fire
141589 | Zot:5    | Noticed an ancient lich
141601 | Zot:5    | Killed an ancient lich
141797 | Zot:5    | Noticed an orb of fire
141801 | Zot:5    | Killed an orb of fire
141810 | Zot:5    | Noticed an ancient lich
141814 | Zot:5    | Noticed an orb of fire
141828 | Zot:5    | Killed an orb of fire
141830 | Zot:5    | Killed an ancient lich
141858 | Zot:5    | Noticed an orb of fire
141865 | Zot:5    | Killed an orb of fire
141879 | Zot:5    | Got the Orb of Zot
141882 | Zot:5    | Noticed an orb of fire
141891 | Zot:5    | Killed an orb of fire
141987 | Zot:2    | Noticed Ypikant the pandemonium lord
141996 | Zot:2    | Killed Ypikant the pandemonium lord
142012 | Zot:2    | Noticed Keiqeed the pandemonium lord
142040 | Depths:4 | Noticed a seraph
142469 | D:4      | Noticed Waapsouf the pandemonium lord
142479 | D:4      | Killed Waapsouf the pandemonium lord
142583 | D:$      | Escaped with the Orb!

Illustrated notes

Levels and vault maps discovered:
D:1:      dpeg_arrival_orchard, layout_rooms
D:2:      layout_loops_ring, kennysheep_generic_room_4, uniq_terence
D:3:      layout_basic, lemuel_doored_altar
D:4:      layout_loops_corners, minmay_temple_entry_grid,
          uniq_crazy_yiuf_cottage
D:5:      layout_loops_corners, cheibriados_altar_1, bh_walls_and_bars
D:6:      layout_gridville, eat_drink_and_be_merry_uskayaw, elyvilon_altar_5,
          nicolae_hexahallways, uniq_edmund, uniq_prince_ribbit1
D:7:      layout_basic, lemuel_mausoleum_altar_yredelemnul,
          regret_index_kikubaaqudgha_part_by_part, uniq_maurice
D:8:      layout_basic, nicolae_ru_the_path_less_chosen,
          overflow_temple_1_default, serial_shops, shop
D:9:      layout_big_octagon, lemuel_tele_altar, fedhas_altar_fruit_tree,
          due_lair_maze_entry_diamond, kennysheep_nondescript
D:10:     layout_cave_pools, nicolae_qazlal_eye_of_the_storm,
          grunt_temple_overflow_gold_and_silver, gammafunk_ghost_hive,
          hangedman_minor_magic
D:11:     cheibrodos_breeding_chamber, layout_rooms, serial_shops,
          nicolae_shop_getting_attention, nicolae_wwwww, lightli_orcish_oven,
          uniq_grum
D:12:     layout_cave_pods, erik_orc_4, minmay_quadrilaterals
D:13:     layout_small_grid
D:14:     layout_roguey, hellmonk_vaults_order_and_chaos, serial_bayou_shore_b,
          nicolae_trove_entry_path_of_doom, nicolae_houndstooth_variations,
          uniq_nessos
D:15:     grunt_enter_depths_hoard, layout_basic, nicolae_gozag_seed_capital,
          gauntlet_entry_generic
Temple:   hellmonk_temple_divided_pantheon
Lair:1:   layout_regular_city, beast_lair_carwin_7
Lair:2:   nzn_winding_woodlands_cross [nzn_winding_woodlands_5x15_crooked,
          nzn_winding_woodlands_5x15_twine, nzn_winding_woodlands_5x15_default,
          nzn_winding_woodlands_5x15_pathside_ponds,
          nzn_winding_woodlands_15x15_five_gardens], layout_layer_cave,
          spider_nest_entry_funnel_web
Lair:3:   layout_gridlike, elwin_shoals_entry_rocks, serial_bayou,
          serial_bayou_pond_b, serial_bayou_lagoon_a, serial_bayou_pond_a,
          serial_bayou_crossing
Lair:4:   layout_concentric_octagons, slime_entry_1, beast_lair_carwin_5
Lair:5:   due_jungle_book, layout_regular_city
Shoals:1: layout_shoals, serial_shops, shop, nicolae_shoals_water_shrine,
          uniq_frances
Shoals:2: layout_shoals
Shoals:3: dreamdust_from_the_deep, layout_shoals, serial_shops,
          nicolae_shop_crystal, argonaut_gorgonesque, uniq_polyphemus
Shoals:4: shoals_end_grunt_ice, layout_shoals
Spider:1: layout_spider_delve
Spider:2: layout_spider_delve, nicolae_spider_twisty_arc_passages
Spider:3: layout_spider_delve, gammafunk_ghost_tricky_traps,
          nicolae_looking_at_the_future, uniq_mara
Spider:4: grunt_spider_rune_parallel
Slime:1:  layout_caves
Slime:2:  layout_caves, nicolae_slime_crime_time
Slime:3:  layout_caves, cheibrodos_slime_lost_civilization_7
Slime:4:  layout_caves
Slime:5:  slime_pit_nicolae_jellycorners
Orc:1:    layout_diamond_mine
Orc:2:    st_orc_rangers, layout_caves
Elf:1:    layout_onion_city, kennysheep_underground_church
Elf:2:    elven_hall_of_blades_hangedman_original
          [infiniplex_blade_entry_pillars], layout_gridlike, serial_shops,
          nicolae_shop_behind_doors, minmay_shop_grove, uniq_aizul, uniq_louise
Elf:3:    elf_hall_gauntlet_narrow, layout_geoelf_castle
Vaults:1: ontoclasm_vaults_eye, nicolae_vaults_trapezoid_lopsided_4,
          hangedman_vaults_locks, nicolae_vaults_wrenched, v_misc_18,
          nicolae_vaults_ring_of_whatevers, nicolae_vaults_tetromino_T_2,
          nicolae_vaults_shelves_hall, nicolae_vaults_layer_cake_slice,
          vaults_room_glass_cross, nicolae_vaults_spaceships,
          vaults_mumra_hexcomb, v_misc_22, vaults_room_stairs_pillars,
          nicolae_vaults_two_Ls, layout_vaults_maze_snakey
Vaults:2: hangedman_vaults_cutoff, v_misc_19, hangedman_vaults_variations,
          vaults_dpeg_encased_lava, hangedman_vaults_restitches,
          v_alt_pattern_3, nicolae_vaults_weapon_check, hangedman_vaults_trim,
          nicolae_vaults_closet_pinwheel_6, nicolae_vaults_layer_cake_slice,
          layout_vaults_chaotic_city, serial_shops, nicolae_square_shop,
          uniq_margery
Vaults:3: portal_desolation_entry_garden, st_star,
          nicolae_vaults_little_squares_6, minmay_crypt_entry_skeletal_spiral,
          vaults_dpeg_cross, nicolae_vaults_closet_pinwheel_1,
          ontoclasm_vaults_fault, vaults_room_grunt_arrival_ludios, v_misc_8,
          vaults_dpeg_hooks, hangedman_vaults_maws, nicolae_vaults_shelves_hall,
          v_rooms_6, layout_vaults_omnicross, uniq_xtahua
Vaults:4: infiniplex_enter_wizlab_glasses, nicolae_vaults_trapezoid_lopsided_2,
          nicolae_vaults_offset_grid_hallway_4, nicolae_vaults_asterisk,
          nicolae_vaults_puzzle_piece, vaults_mumra_chevron,
          nicolae_vaults_little_squares_2, hangedman_vaults_capsules,
          nicolae_vaults_apartment_2, nicolae_vaults_storage_closets_2,
          vaults_room_fours, vaults_room_semicircle,
          nicolae_vaults_border_crossing, nicolae_vaults_tetromino_L_1,
          st_cross, layout_vaults_omnibox
Vaults:5: uniq_bai_suzhen
Crypt:1:  layout_catacombs, minivault_5, serial_sigils_hangedman_writhe
Crypt:2:  layout_catacombs, grunt_megastairs_2
Crypt:3:  due_elkab, layout_chaotic_city, chequers_big_river
Tomb:1
Tomb:2
Tomb:3
Depths:1: layout_basic, pf_vacation_house_of_asmodeus, evilmike_ruin_ashenzari,
          nicolae_shop_gadgets, grunt_megastairs_4, uniq_asterion
Depths:2: kennysheep_large_vault, layout_twisted_cross, enter_ziggurat_e,
          hell_entry, chequers_serial_rivers_large_b, grunt_pan_entry_spiral,
          minmay_misc_feat_room, serial_bayou_shore_b, uniq_boris
Depths:3: lemuel_castle_with_subvaults [lemuel_castle_interior_original],
          layout_cave_pools, abyss_entry, grunt_metal_band, st_stairs_12,
          okawaru_trees_1, uniq_mennas
Depths:4: evilmike_zot_entry_castle, layout_basic,
          chequers_serial_rivers_large_a,
          nicolae_abyss_entry_one_way_or_another, grunt_hell_entry_dis_old,
          minmay_tree_intersection
Hell
Dis:1:    kennysheep_iron_temple, layout_regular_city
Dis:2:    layout_overlapping_boxes
Dis:3:    layout_regular_city
Dis:4:    layout_jigsaw, nicolae_hells_hurtin_island
Dis:5:    layout_gridville
Dis:6:    layout_overlapping_boxes
Dis:7:    dis_grunt_layers
Geh:1:    layout_gehenna_pools_box, nicolae_hells_seeping_fissure
Geh:2:    nicolae_geh_erupted_tower, layout_gehenna_pools_box
Geh:3:    nicolae_geh_i_lava_good_maze [nicolae_geh_lavamaze_orthhalf_recurse,
          nicolae_geh_lavamaze_orthhalf_recurse]
Geh:4:    layout_gehenna_pools_triple, nicolae_geh_amphitheater
Geh:5:    layout_gehenna_pools_triple
Geh:6:    layout_gehenna_pools_box
Geh:7:    geh_grunt_pentagon
Coc:1:    layout_ice_bergs
Coc:2:    layout_cocytus_water_paths
Coc:3:    layout_cocytus_water_paths
Coc:4:    nicolae_coc_through_the_icewall, layout_cocytus_delve
Coc:5:    layout_cocytus_water_paths
Coc:6:    nicolae_coc_on_the_berg
Coc:7:    coc_hangedman
Tar:1:    layout_grid_maze
Tar:2:    layout_grid_maze, nicolae_tar_cuneiform_water
Tar:3:    layout_cathedral_of_symmetry, nicolae_tar_cuneiform_to_be
Tar:4:    layout_cathedral_of_symmetry
Tar:5:    layout_cathedral_of_symmetry
Tar:6:    layout_grid_maze
Tar:7:    tar_minmay_river
Zot:1:    hellmonk_crystal_mountain, layout_concentric_octagons
Zot:2:    layout_basic
Zot:3:    layout_onion, grunt_megastairs_5, uniq_parghit
Zot:4:    layout_basic, nicolae_diode_quadrants
Zot:5:    layout_gridlike

Skill      XL: |  1  2  3  4  5  6  7  8  9 10 11 12 13 14 15 16 17 18 19 20 21 22 23 24 25 26 27 |
---------------+----------------------------------------------------------------------------------+-----
Fighting       | 3 4 5 7 10 11 12 13 14 15 17 19 21 22 23 27 | 27.0
Dodging        | 3 5 7 9 11 12 14 16 17 18 27 | 27.0
Ranged Weapons | 5 6 7 8 10 12 14 16 17 18 19 20 21 22 23 24 25 27 | 27.0
Armour         | 1 2 3 4 5 7 8 12 13 15 17 19 20 21 22 27 | 27.0
Evocations     | 4 7 23 | 23.4
Invocations    | 3 6 8 10 11 | 11.8
Shields        | 6 9 11 12 15 16 18 19 27 | 27.0
Translocations | 4 6 10 27 | 27.0
Earth Magic    | 4 7 8 11 | 11.2
Hexes          | 4 10 | 10.0
Alchemy        | 10 | 10.6
Spellcasting   | 27 | 27.0
Shapeshifting  | 23 | 23.0
Stealth        | 23 | 23.5
Necromancy     | 25 | 25.3
Summonings     | 27 | 27.0
Long Blades    | 15 | 15.8

Action                     |  1- 3 |  4- 6 |  7- 9 | 10-12 | 13-15 | 16-18 | 19-21 | 22-24 | 25-27 || total
---------------------------+-------+-------+-------+-------+-------+-------+-------+-------+-------++-------
   Fire: Shortbow          |   104 |   165 |    55 |       |       |       |       |       |       ||   324
         Orcbow            |       |       |   336 |   456 |  1112 |    53 |       |       |       ||  1957
         Hand cannon       |       |       |       |       |       |  1346 |  1414 |  1425 | 16624 || 20809
         Longbow           |       |       |       |       |       |    41 |       |       |       ||    41
   Cast: Blink             |       |       |       |       |       |       |       |       |     8 ||     8
         Disjunction       |       |       |       |       |       |       |       |       |    50 ||    50
         Fugue of the Fall |       |       |       |       |       |       |       |       |    28 ||    28
         Dimensional Bulls |       |       |       |       |       |       |       |       |    16 ||    16
         Malign Gateway    |       |       |       |       |       |       |       |       |    11 ||    11
         Dragon's Call     |       |       |       |       |       |       |       |       |    11 ||    11
         Summon Horrible T |       |       |       |       |       |       |       |       |     8 ||     8
         Apportation       |       |       |       |       |       |       |       |       |     2 ||     2
         Passage of Golubr |       |       |       |       |       |       |       |       |     2 ||     2
         Martyr's Knell    |       |       |       |       |       |       |       |       |     2 ||     2
 Invoke: Slouch            |       |       |       |       |       |     2 |    12 |    25 |   185 ||   224
         Step From Time    |       |       |       |       |       |       |       |       |     3 ||     3
Ability: Hop               |     1 |     1 |     2 |     9 |    11 |    17 |    18 |    11 |    91 ||   161
         Evoke Blink       |       |       |       |     1 |     5 |       |       |       |     1 ||     7
         Begin Untransform |       |       |       |       |       |       |       |       |     3 ||     3
         Siphon Essence    |       |       |       |       |       |       |       |       |     1 ||     1
  Evoke: Wand              |       |       |       |     2 |     2 |     1 |       |       |    15 ||    20
         Phial of floods   |       |       |       |       |       |       |       |       |     4 ||     4
         Condenser vane    |       |       |       |       |       |       |       |       |     2 ||     2
         Box of beasts     |       |       |       |       |       |       |       |       |     1 ||     1
         Sack of spiders   |       |       |       |       |       |       |       |       |     1 ||     1
    Use: Scroll            |       |    12 |     5 |     6 |     9 |    11 |    14 |     3 |    74 ||   134
         Potion            |       |       |       |     1 |       |     1 |     1 |     3 |    25 ||    31
 Armour: Leather armour    |    33 |    27 |   124 |    92 |   184 |   281 |   300 |   286 |   157 ||  1484
         Gold dragon scale |       |       |       |       |       |       |       |       |  2044 ||  2044
         Pearl dragon scal |       |       |       |       |       |       |       |       |   413 ||   413
         Storm dragon scal |       |       |       |       |       |       |       |       |   192 ||   192
  Dodge: Dodged            |    30 |    34 |   130 |   283 |   756 |  1187 |  1183 |   947 |  7209 || 11759
  Block: Buckler           |       |       |       |       |       |   526 |   547 |   425 |       ||  1498
         Tower shield      |       |       |       |       |       |       |       |   347 | 15971 || 16318
         Reflection        |       |       |       |       |       |       |       |     4 |   579 ||   583
   Form: Death             |       |       |       |       |       |       |       |       |     4 ||     4
                           |       |       |       |       |       |       |       |       |     1 ||     1
